Workbook
Name Interval: '[1]Office Work Schedule'!#REF!
Name ScheduleStart: '[1]Office Work Schedule'!#REF!
Name Type: '[2]Maintenance Work Order'!#REF!

Sheet Seguimiento General 
A2: PLANTILLA SEGUIMIENTO CONTRATO 227-20 | B2: 1 | C2: =1+B2 -> 2 | D2: =1+C2 -> 3 | E2: =1+D2 -> 4 | F2: =1+E2 -> 5 | G2: =1+F2 -> 6 | H2: =1+G2 -> 7 | I2: =1+H2 -> 8 | J2: =1+I2 -> 9 | ... P2: =1+O2 -> 15
A4: CONTRATO | B4: META ÍTEMS VIGENCIA 2020
A5: CTO-227-20 | B5: 15574946 | C5: ayudas de memoria
A14: Requisito Contractual | B14: Requisito Contractual CLÁUSULA | C14: Requisito Contractual CLÁUSULA | D14: ETAPA CONTRACTUAL | E14: PARTE RESPONSABLE DEL CONTRATO | F14: SUBACTIVIDADES | G14: INICIO | H14: PLAZO | I14: FINALIZACIÓN O ENTREGA EFECTIVA | J14: DURACIÓN (DÍAS/MESES) | K14: FRECUENCIA | L14: ESTADO | M14: ¿CALIFICABLE AL CONTRATISTA? | N14: COMENTARIOS / ACLARACIONES COMPLEMENTARIAS | O14: ESTADO DEL CONTRATISTA | P14: COMPETENCIA EN SUPERVISIÓN | Q14: ACTIVIDADES A REALIZAR POR PARTE DEL GRUPO SUPERVISOR | R14: SEGUIMIENTO
A15: Cumplir con los términos establecidos en los cronogramas que determine la ADRES para la revisión y verificación de los requisitos que deben cumplir los servicios y tecnologías en salud no financiadas con la UPC. La inobservancia de los términos establecidos activará la aplicación del Acuerdo de Nivel de Servicios (ANS). En el evento de no superar el proceso de calidad, deberá realizar, cuantas veces sea necesario, las revisiones y verificaciones a que haya lugar hasta tanto se cuente con un resultado favorable o se aplique lo previsto en los ANS. | B15: CUARTA. Núm.. 4.2.3 - OBE. 5 y 10 | D15: 4. Ejecución | E15: DATA TOOLS S.A - REVISIÓN NO UPC | J15: =+H15-G15 -> 0 | K15: Acordada entre las partes | L15: En espera | M15: SI | P15: Supervisión - Técnico | Q15: Debe validarse contra la circular del cronograma 2020 | R15: Cuando se apliquen ANS se revisa por el equipo
A16: Someter ante el supervisor o interventor o a quien defina la ADRES, los resultados de la revisión y verificación efectuada a los servicios y tecnologías en salud no financiadas con la UPC, para efectos de desarrollar el proceso de calidad. | B16: CUARTA. Núm.. 4.2.3 - OBE. 9 CUARTA. Núm.. 4.2.3 - OBE. 18 | C16: Calidad | D16: 4. Ejecución | E16: DATA TOOLS S.A - REVISIÓN NO UPC | F16: N/A | G16: N/A | H16: N/A | I16: N/A | J16: N/A | K16: Acordada entre las partes | L16: En espera | M16: SI | P16: Supervisión - Tecnológica
A17: pdt | B17: CUARTA. Núm.. 4.2.3 - OBE. 9 CUARTA. Núm.. 4.2.3 - OBE. 18 | C17: Tablero de control y reportes de información | D17: 4. Ejecución | E17: DATA TOOLS S.A - TECNOLOGÍA | K17: Acordada entre las partes | L17: En espera | M17: SI | P17: Supervisión - Tecnológica | R17: Transferencia de la información por la BDT / solicitar relación de usuarios que lo requieren
A18: Firma del contrato | B18: CONTRATO | C18: PERFECCIONAMIENTO CTO 227-20 | D18: 1. Suscripción | E18: ADRES & DATA TOOLS S.A. | F18: N/A | G18: 43998 | H18: 43998 | I18: =+H18 -> 43998 | J18: =+H18-G18 -> 0 | K18: Única vez | L18: Completo | M18: NO | N18: Contrato suscrito el 16-N/A6-2N/A2N/A, con evidencia de cargue en la plataforma SECOP II | O18: Cumple | P18: Supervisión - Transversal
A19: Acta de inicio | B19: CUARTA. Núm.. 4.1 - OBG. 1 | C19: PERFECCIONAMIENTO CTO 227-20 | D19: 2. Inicio | E19: ADRES & DATA TOOLS S.A. | F19: Suscribir el acta de inicio | G19: 43998 | H19: 44005 | I19: =+H19 -> 44005 | J19: =NETWORKDAYS(G19,H19,'Condicionales '!A2:A4) -> 5 | K19: Única vez | L19: Completo | M19: SI | N19: Suscrita el 23-N/A6-2N/A2N/A, con evidencia de cargue en la plataforma SECOP II | O19: Cumple | P19: Supervisión - Transversal
A20: Acta de inicio | B20: CUARTA.34, (i) | C20: PERFECCIONAMIENTO CTO 227-20 | D20: 2. Inicio | E20: ADRES - TRANSVERSAL | F20: 1. Expedición del RP | G20: 43998 | H20: 43998 | I20: =+H20 -> 43998 | J20: =+H20-G20 -> 0 | K20: Única vez | L20: Completo | M20: NO | N20: N/A | O20: Cumple | P20: Supervisión - Transversal
A21: Acta de inicio | B21: CUARTA.34, (iii) CLAUSULA DECIMA QUINTA | C21: PERFECCIONAMIENTO CTO 227-20 | D21: 2. Inicio | E21: ADRES - TRANSVERSAL | F21: 3. Expedición del Certificado de afiliación al Sistema General de Seguridad Social y parafiscales | G21: 43990 | H21: 43990 | I21: =+H21 -> 43990 | J21: =+H21-G21 -> 0 | K21: Única vez | L21: Completo | M21: NO | N21: N/A | O21: Cumple | P21: Supervisión - Transversal
A22: Acta de inicio - HV | B22: CUARTA. Núm.. 4.1 - OBG. 1(ii) | C22: PERFECCIONAMIENTO CTO 227-20 | D22: 2. Inicio | E22: DATA TOOLS S.A - TRANSVERSAL | F22: 4. Aprobación de las hojas de vida del equipo directivo | G22: 43999 | H22: 44004 | I22: =+H22 -> 44004 | J22: =+H22-G22 -> 5 | K22: Única vez | L22: Completo | M22: NO | N22: Se deben aportar las certificaciones de funciones de algunas certificaciones de Gloria Patiño y Patricia Gonzalez | O22: Cumple | P22: Supervisión - Transversal | Q22: Solicitar complementar Funciones
A23: Acta de inicio - canal dedicado de comunicaciones | B23: CUARTA. Núm.. 4.1 - OBG. 1 (iii) | C23: PERFECCIONAMIENTO CTO 227-20 | D23: 2. Inicio | E23: ADRES - TECNOLOGÍA | F23: 5. Evidenciar canal dedicado de comunicaciones | G23: 43998 | H23: 44003 | I23: =+H23 -> 44003 | J23: =+H23-G23 -> 5 | K23: Única vez | L23: Completo | M23: SI | O23: Cumple | P23: Supervisión - Transversal | Q23: Solicitar acta suscrita por proveedor
A24: Acta de inicio | B24: CUARTA. Núm.. 4.1 - OBG. 1(iv) | C24: PERFECCIONAMIENTO CTO 227-20 | D24: 2. Inicio | E24: ADRES - TRANSVERSAL | F24: 6. Demostrar que dispone de sede de operaciones | G24: 43998 | H24: 44005 | I24: =+H24 -> 44005 | J24: =+H24-G24 -> 7 | K24: Única vez | L24: Completo | M24: SI | N24: N/A | O24: Cumple | P24: Supervisión - Transversal
A25: Acta de inicio - No estar el contratista en conflicto de interés | B25: VIGÉSIMA NOVENA. 29, Núm.. 4 | C25: PERFECCIONAMIENTO CTO 227-20 | D25: 3. Ejecución - Alistamiento | E25: DATA TOOLS S.A - TRANSVERSAL | F25: 9. Declaración de no estar en conflicto de interés | G25: 43998 | H25: 44005 | I25: =+H25 -> 44005 | J25: =NETWORKDAYS(G25,H25,'Condicionales '!A2:A7) -> 5 | K25: Según obligación | L25: Completo | M25: SI | N25: N/A | P25: Supervisión - Transversal
A26: Vincular el personal directivo, profesionales transversales y auditores para la ejecución del contrato. El personal contratado debe ser suficiente para cumplir con el objeto contractual. | B26: CUARTA. Núm.. 4.2.2 - OBEA. 4 CUARTA. Núm.. 4.1 - OBG. 4 | D26: 3. Ejecución - Alistamiento | E26: DATA TOOLS S.A - TRANSVERSAL | F26: N/A | G26: 44018 | H26: 44029 | I26: =H26 -> 44029 | J26: =NETWORKDAYS(G26,H26,'Condicionales '!A3:A8) -> 10 | K26: Única vez | L26: En progreso | M26: SI | N26: Plazo de acuerdo a lo solicitado en el Oficio 46310 | P26: Supervisión - Jurídica | Q26: Con el oficio 46310 del 03-07-2020 se solicitó aportar certificación informando cantidades y nivel educativo | R26: En el evento en el que se evidencie que el objeto contractual no se esta cumpliendo en condiciones de calidad y oportunidad debe establecerse la causa. El análisis debe ser concurrente con la revisión de los elementos de la infraestructura física, administrativa, técnica, tecnológica, logística y operativa con la que debe contar el contratista (Ver: TERCERA. Num.3.2_x000D_ CUARTA. Núm.. 4.2.3 - OBE. 14)
A27: Encontrarse al día en el pago de honorarios, salarios y prestaciones de Ley con su personal y certificar el cumplimiento del pago de aportes al Sistema de Seguridad Social Integral y parafiscales de todo el personal que sea vinculado para la ejecución del contrato. | B27: CUARTA. Núm.. 4.1 - OBG. 5 y 6 NOVENA. Núm.. 9.4, Lit. e) CLAUSULA DECIMA QUINTA | C27: Administrativo - Financiera | D27: 4. Ejecución | E27: DATA TOOLS S.A - TRANSVERSAL | J27: =+H27-G27 -> 0 | K27: Requisitos pago | L27: En espera | M27: SI | N27: Para verificación se propone solicitar certificación periódica | P27: Supervisión - Financiera | Q27: Solicitar al contratista certificar esta condición de forma mensual
A28: Presentar para cada uno de los pagos un Informe Mensual de Gestión concreto y preciso, a más tardar dentro de los ocho (8) primeros días hábiles del mes siguiente al que se evalúa, y uno al finalizar la ejecución del contrato, a más tardar dentro de los quince (15) días hábiles siguientes a la misma. La estructura de los contenidos del Informe Mensual de Gestión será definida por la ADRES. La estructura del Informe Final, en principio, podrá ser la misma utilizada para la presentación del informe mensual, solo que consolidará la información de la totalidad del periodo de ejecución del contrato. | B28: CUARTA. Núm.. 4.1 - OBG. 8 CUARTA. Núm.. 4.2.3 - OBE. 19 | C28: Administrativo - Financiera | D28: 4. Ejecución | E28: DATA TOOLS S.A - TRANSVERSAL | J28: =+H28-G28 -> 0 | K28: Requisitos pago | L28: En espera | M28: SI | P28: Supervisión - Transversal | Q28: Se debe definir la estructura de los contenidos del Informe Mensual de Gestión será definida por la ADRES. | R28: TENER EN CUENTA ACTIVIDADES DEL EQUIPO DIRECTIVO E INCLUIRLO EN EL ESQUEMA DE INFORME DE GESTIÓN
A29: Guardar la debida reserva, cuidado y custodia de la información y/o de los soportes a los que se tenga acceso y/o le sean suministrados con ocasión del contrato y utilizarla exclusivamente para los fines de este. | B29: CUARTA. Núm.. 4.1 - OBE. 9 | C29: Seguridad de la información | D29: 4. Ejecución | E29: DATA TOOLS S.A - TRANSVERSAL | F29: N/A | G29: N/A | H29: N/A | I29: N/A | J29: N/A | K29: Según obligación | L29: En espera | M29: SI | P29: Supervisión - Jurídica
A30: Acta de inicio | B30: CUARTA. Núm.. 4.1 - OBG. 10 y 11 | C30: PERFECCIONAMIENTO CTO 227-20 | D30: 2. Inicio | E30: DATA TOOLS S.A - TRANSVERSAL | F30: 8. Suscripción del compromiso de confidencialidad | G30: 43998 | H30: 44005 | I30: =+H30 -> 44005 | J30: =+H30-G30 -> 7 | K30: Única vez | L30: Completo | M30: SI | N30: N/A | P30: Supervisión - Transversal
A31: Incluir en los contratos que celebre el contratista para la vinculación del Equipo de Trabajo del contrato, una cláusula de confidencialidad, en la cual, de manera expresa, se obligue al personal y contratistas a mantener la reserva y confidencialidad de toda la información que le sea suministrada, que administre o a la que tenga acceso en desarrollo del objeto contractual o de los servicios prestados, así como a abstenerse de utilizarla indebidamente | B31: CUARTA. Núm.. 4.1 - OBG. 11 CUARTA. Núm.. 4.2.3 - OBE. 15, Lit. d) DÉCIMA OCTAVA | C31: Administrativo - Inclusión de cláusula contractual | D31: 4. Ejecución | E31: DATA TOOLS S.A - TRANSVERSAL | F31: N/A | G31: 44005 | H31: 44029 | I31: =H31 -> 44029 | J31: =+H31-G31 -> 24 | K31: Acordada entre las partes | L31: En progreso | M31: SI | P31: Supervisión - Jurídica | Q31: Solicitar certificación de la cláusula de confidencialidad en los contratos suscritos con el personal y pedir evidencia por muestra y preguntar o proponer la adopción de mecanismos. ( Representante legal debe emitirla)
A32: Elaborar el mapa de riesgos y tratamiento del riesgo que contenga como mínimo los mecanismos, alertas y actividades que le permitirán identificar, controlar y mitigar los riesgos de fuga de la información confidencial y oficial que es inherente al proceso de revisión y verificación. Para lo anteriormente enunciado, deberá definirse de común acuerdo el esquema de medición que permita el monitoreo continuo, el cual hará parte del informe mensual de gestión. | B32: CUARTA. Núm.. 4.1 - OBG. 12 | C32: Administrativo - Inclusión de cláusula contractual | D32: 4. Ejecución | E32: DATA TOOLS S.A - TRANSVERSAL | F32: N/A | G32: 44005 | H32: 44029 | I32: =H32 -> 44029 | J32: =+H32-G32 -> 24 | K32: Acordada entre las partes | L32: En espera | M32: SI | P32: Supervisión - Transversal | Q32: Lili debería revisar la configuración de la nube contratada para garantizar la seguridad de la información. Por lo que entiendo esto sería realmente verificado al comienzo y en caso de que cambien de contratista (verifiquemos).
A33: Suministrar a la supervisión o interventoría del contrato la información que requiera para el ejercicio de su labor. | B33: CUARTA. Núm.. 4.1 - OBG. 16 | D33: 4. Ejecución | E33: DATA TOOLS S.A - TRANSVERSAL | F33: N/A | J33: =+H33-G33 -> 0 | K33: Ejecución continua | L33: En progreso | M33: SI | P33: Supervisión - Transversal | Q33: Incluir las fichas técnicas de los indicadores a evaluar para poder solicitar que consoliden semanalmente esta información.
A34: Aceptar y comprometerse a conocer los lineamientos establecidos por la ADRES en materia de procesos y procedimientos relacionados con el Sistema Integrado de Gestión Institucional – SIGI. Consecuencia de lo anterior, no podrá oponer en ningún caso el desconocimiento de algún proceso y/o procedimiento. El contratista se obliga a consultar cada uno de los procesos y/o procedimientos, en especial los referentes al proceso en el cual se va a ejecutar el objeto del contrato. | B34: CUARTA. Núm.. 4.1 - OBG. 17 | D34: 4. Ejecución | E34: ADRES & DATA TOOLS S.A. | F34: N/A | G34: 44005 | H34: 44029 | I34: =H34 -> 44029 | J34: =+H34-G34 -> 24 | K34: Acordada entre las partes | L34: En progreso | M34: SI | P34: Supervisión - Transversal | Q34: Precisar cuándo se hará, si requiere apoyo e indicar link para consultarlo
A35: Aceptar y comprometerse a dar pleno cumplimiento con las políticas de seguridad de la información y los lineamientos dados por la ADRES relacionados con el Sistema de Gestión de Seguridad de la Información y las políticas emanadas por el Ministerio de las Tecnologías de la Información y las Comunicaciones, en especial las relacionadas con el MSPI aplicado a la ADRES. Con la suscripción del contrato en SECOP II, el contratista se obliga a conocer el(los) documento(s) relacionados con esta obligación, y en consecuencia no podrá alegar el desconocimiento de las políticas, actividades, compromisos de que trata la presente obligación | B35: CUARTA. Núm.. 4.1 - OBG. 18 | D35: 4. Ejecución | E35: DATA TOOLS S.A - TECNOLOGÍA | F35: por definir | G35: 44018 | H35: 44029 | J35: =+H35-G35 -> 11 | K35: Ejecución continua | L35: En espera | M35: SI | P35: Supervisión - Tecnológica | Q35: Articularlo con la parte de teletrabajo y planes de continuidad. ¿cómo de evidencia? Podría verificarse a través de una reunión con un acta donde se discutan los documentos y se puedan hacer preguntas.
A36: Acta de inicio | B36: CUARTA. Núm.. 4.1 - OBG. 19 CUARTA.34 (ii DÉCIMA PRIMERA | C36: PERFECCIONAMIENTO CTO 227-20 | D36: 2. Inicio | E36: ADRES - TRANSVERSAL | F36: 2. Aprobación de póliza de garantía | G36: 43999 | H36: 43999 | I36: =+H36 -> 43999 | J36: =+H36-G36 -> 0 | K36: Única vez | L36: Completo | M36: NO | N36: N/A | O36: Cumple | P36: Supervisión - Transversal
A37: Aplicar las buenas prácticas ambientales, las políticas y directrices consagradas en la Política Nacional de Producción y Consumo Sostenible de Colombia y las herramientas establecidas en la Guía conceptual y metodológica de compras públicas sostenibles con el ambiente G-CPSMA-02, expedidas por Colombia Compra Eficiente. | B37: CUARTA. Núm.. 4.1 - OBG. 20 TRIGÉSIMA PRIMERA | D37: 4. Ejecución | E37: DATA TOOLS S.A - TECNOLOGÍA | F37: N/A | G37: 44018 | H37: 44029 | J37: =+H37-G37 -> 11 | K37: Acordada entre las partes | L37: En progreso | M37: SI | P37: Supervisión - Jurídica | Q37: Pedir certificación y definir forma de verificación ( Representante legal debe emitirla)
A38: Gestionar todas las comunicaciones por intermedio del supervisor y/o interventor del contrato y manifestar por escrito que conoce que, en todo caso, quien tiene la facultad para decidir cualquier cambio sobre las estipulaciones contenidas en el contrato, SECOP I – II y demás documentos físicos y/o electrónicos es el Ordenador del Gasto en materia contractual de la ADRES. | B38: CUARTA. Núm.. 4.1 - OBG. 22 | C38: Declaración | D38: 4. Ejecución | E38: DATA TOOLS S.A - TRANSVERSAL | F38: N/A | G38: 44018 | H38: 44029 | I38: N/A | J38: N/A | K38: Acordada entre las partes | L38: En espera | M38: SI | P38: Supervisión - Jurídica | R38: Solicitar el envío de el documento que contenga la declaración definida en la obligación
A39: Participar en las reuniones en las que sea requerida su asistencia ya sea por parte de la ADRES o el supervisor y/o interventor, evidenciando la reunión realizada mediante el levantamiento de una ayuda de memoria por parte del contratista y que deberá estar acompañado del listado de asistencia de la reunión. | B39: CUARTA. Núm.. 4.1 - OBG. 23 CUARTA. Núm.. 4.2.2 - OBEA. 2 | D39: 4. Ejecución | E39: DATA TOOLS S.A - TECNOLOGÍA | F39: N/A | J39: =+H39-G39 -> 0 | K39: Según obligación | L39: En progreso | M39: SI | P39: Supervisión - Transversal | R39: Solicitar ayudas y listados de asistencia
A40: Elaborar y presentar a la ADRES un protocolo de intercambio de información que de manera detallada describa los términos, condiciones, formatos, medios y procedimientos para garantizar una fluida, oportuna y correcta comunicación entre las partes. | B40: CUARTA. Núm.. 4.2.2 - OBEA. 1 | D40: 3. Ejecución - Alistamiento | E40: DATA TOOLS S.A - TRANSVERSAL | F40: N/A | G40: 44006 | H40: 44020 | I40: =+H40 -> 44020 | J40: =+H40-G40 -> 14 | K40: Única vez | L40: Completo | M40: SI | N40: Documento que de manera detallada describa los términos, condiciones, formatos, medios y procedimientos para garantizar una fluida, oportuna y correcta comunicación entre las partes. | P40: Supervisión - Tecnológica | Q40: Escribir parámetros de entrega de información para facilitar la comunicación | R40: El contratista remitió este documento el 09-07-2020 por correo electrónico "RE: METODOLOGÍA DE EVALUACIÓN, PROTOCOLO DE INTERCAMBIO DE INFORMACIÓN Y PAQUETE APF-S02-0620"
A41: Concluir las adaptaciones y mejoras en su infraestructura operativa y tecnológica para garantizar el inicio de la operación. | B41: CUARTA. Núm.. 4.2.2 - OBEA. 3 | D41: 3. Ejecución - Alistamiento | E41: DATA TOOLS S.A - TRANSVERSAL | F41: N/A | G41: 44021 | H41: 44035 | I41: =+H41 -> 44035 | J41: =+H41-G41 -> 14 | K41: Única vez | L41: En progreso | M41: SI | N41: N/A | P41: Supervisión - Tecnológica | Q41: Establecer manera de seguimiento y periodicidades | R41: Se realizó visita el 07-07-2020 y se verificó el estado de esta obligación. Sin embargo se encuentra pendiente la recepción de las evidencias presentadas, las cuales debieron entregarse junto con la ayuda de memoria generada.
A42: Efectuar las revisiones y verificaciones de los servicios y tecnologías no financiados con cargo a la UPC de acuerdo con el cronograma establecido por la ADRES y acreditar los estándares de calidad establecidos. | B42: CUARTA. Núm.. 4.2.2 - OBEA. 5 | D42: 3. Ejecución - Alistamiento | E42: DATA TOOLS S.A - REVISIÓN NO UPC | F42: Auditoría de paquetes APF | J42: =+H42-G42 -> 0 | K42: Única vez | L42: En progreso | M42: SI | N42: De acuerdo con el cronograma establecido por la ADRES y acreditar los estándares de calidad establecidos. | P42: Supervisión - Técnico | Q42: Solicitar cronograma y determinar la volumetría de los paquetes entregados en el alistamiento, para la ejecución
A43: Demás actividades solicitadas por la ADRES | B43: CUARTA. Núm.. 4.2.2 - OBEA. 6 | D43: 3. Ejecución - Alistamiento | E43: DATA TOOLS S.A - TRANSVERSAL | F43: N/A | J43: =+H43-G43 -> 0 | K43: Acordada entre las partes | L43: Completo | M43: SI | N43: A demanda. Que la ADRES le solicite para efectos de revisar y verificar los servicios y tecnologías en salud que se le asignen y cumplir con los estándares de calidad establecidos. | P43: Supervisión - Transversal
A44: Acta de inicio - Plan de Trabajo para la ejecución del contrato (PDT). Se debe actualizar. | B44: CUARTA. Núm.. 4.2.3 - OBE. 1 | C44: PDT | D44: 4. Ejecución | E44: ADRES - TRANSVERSAL | F44: 7. Entregar plan de trabajo para la ejecución del contrato | G44: 43998 | H44: 44005 | I44: =+H44 -> 44005 | J44: =+H44-G44 -> 7 | K44: Según obligación | L44: En progreso | M44: SI | N44: Establecido en la obligación específica número 1 del numeral 4.2.3 del presente contrato. Dicho documento deberá contener las actividades generales que proyecta ejecutar durante el plazo del contrato y los recursos humanos, físicos, técnicos y tecnológicos que prevé emplear. Este plan de trabajo deberá ser aprobado por el supervisor y/o interventor del contrato. El contratista asegurará la actualización oportuna del plan de trabajo y lo mantendrá a disposición del supervisor | O44: En progreso | P44: Supervisión - Transversal | Q44: Revisar, observar aprobar y estar pendiente de la actualización oportuna
A45: Transcribir o capturar los datos que le indique la ADRES de los soportes entregados por las entidades recobrantes, contrastarlos contra la información registrada en los medios magnéticos entregados por las entidades recobrantes, generar un reporte con la información transcrita o capturada consistente y certificar los resultados de estas actividades | B45: CUARTA. Núm.. 4.2.3 - OBE. 2 y 17 | D45: 4. Ejecución | E45: DATA TOOLS S.A - TECNOLOGÍA | F45: N/A | J45: =+H45-G45 -> 0 | K45: Acordada entre las partes | L45: En espera | M45: SI | P45: Supervisión - Técnico | Q45: Establecer manera de seguimiento y forma de verificación
A46: Efectuar la revisión y verificación de los requisitos que deben cumplir los servicios y tecnologías en salud no financiadas con la UPC que le sean entregadas por la ADRES, conforme con la normatividad vigente y aplicable, el Manual Operativo y de Auditoría y las especificaciones técnicas definidas por la ADRES. En caso de ser requerido por la ADRES, el contratista contactará a los agentes intervinientes en los procesos de prescripción, direccionamiento, prestación, suministro y facturación de los servicios y tecnologías en salud objeto del proceso de revisión y verificación. Se debe garantizar consistencia, unicidad y coherencia en la aplicación de los criterios de auditoría, en las glosas y validaciones descritas en el Manual Operativo y de Auditoría. | B46: CUARTA. Núm.. 4.2.3 - OBE. 3, 4, 5 y 10 | D46: 4. Ejecución | E46: DATA TOOLS S.A - REVISIÓN NO UPC | J46: =+H46-G46 -> 0 | K46: Según obligación | L46: En espera | M46: SI | N46: Se compagina con la CLÁUSULA QUINTA - OBLIGACIONES DE LA ADRES 5.2, OBLE 1 | P46: Supervisión - Técnico
A47: Certificar, conforme lo defina la ADRES, los resultados del proceso de revisión y verificación efectuada a los servicios y tecnologías en salud no financiadas con la UPC que le sean entregados. | B47: CUARTA. Núm.. 4.2.2 - OBEA. 6 CUARTA. Núm.. 4.2.3 - OBE. 6 y 11 | D47: 4. Ejecución | E47: DATA TOOLS S.A - REVISIÓN NO UPC | J47: =+H47-G47 -> 0 | K47: Acordada entre las partes | L47: En espera | M47: SI | P47: Supervisión - Técnico | Q47: Solicitar precisar si el aval lo da la supervisión o calidad (OBE 1) Revisión de la certificación de cada paquete procesado por el contratista debe contener como mínimo: i) valor y cantidad total auditada; ii) valor y cantidad aprobada; iii) principales causales de glosa.
A48: Suministrar la información o apoyo requerido por la ADRES para la atención de acciones judiciales o requerimientos formulados por los organismos de control y otros actores del sistema de salud. | B48: CUARTA. Núm.. 4.2.3 - OBE. 7 | D48: 4. Ejecución | E48: DATA TOOLS S.A - JURÍDICA | J48: =+H48-G48 -> 0 | K48: Acordada entre las partes | L48: En espera | M48: SI | P48: Supervisión - Jurídica
A49: Informar de acuerdo con las instrucciones impartidas por la ADRES los resultados del proceso de revisión y verificación a las entidades recobrantes y revisar la retroalimentación que para el efecto estas realicen. | B49: CUARTA. Núm.. 4.2.3 - OBE. 8 | D49: 4. Ejecución | E49: DATA TOOLS S.A - REVISIÓN NO UPC | J49: =+H49-G49 -> 0 | K49: Acordada entre las partes | L49: En espera | M49: SI | P49: Supervisión - Técnico | Q49: Establecer el cómo y los medios a través de los cuales se surte
A50: Diseñar un tablero de control mediante el cual realice seguimiento al cumplimiento de los cronogramas de trabajo establecidos por la ADRES y que permita evidenciar el progreso diario y semanal de la ejecución de las labores contratadas. | B50: CUARTA. Núm.. 4.2.3 - OBE. 8 | C50: Tablero de control y reportes de información | D50: 4. Ejecución | E50: DATA TOOLS S.A - REVISIÓN NO UPC | G50: 44018 | H50: 44029 | I50: =H50 -> 44029 | K50: Acordada entre las partes | L50: En espera | M50: SI | P50: Supervisión - Transversal | Q50: Establecer cómo se cumplirá esta parte de la obligación y ayudar para su realización. (La Dirección General definirá los indicadores claves del proceso que deberá generar el contratista. Las direcciones de tecnología deben garantizar la puesta en marcha de la actualización periódica del mismo.) | R50: Javier
A51: Definir, documentar, adoptar e implementar dentro de los treinta (30) días calendario siguientes a la suscripción del acta de inicio del contrato los planes de contingencia operativa y tecnológica y el plan de continuidad de negocio. | B51: CUARTA. Núm.. 4.2.3 - OBE. 12 | D51: 4. Ejecución | E51: DATA TOOLS S.A - TRANSVERSAL | F51: N/A | G51: 44006 | H51: 44036 | I51: =+H51 -> 44036 | J51: =+H51-G51 -> 30 | K51: Según obligación | L51: En espera | M51: SI | N51: N/A | P51: Supervisión - Transversal | R51: Tecnología y operación
A52: Elaborar y presentar al supervisor y/o interventor del contrato los planes de contingencia que le sean requeridos para superar estados de atraso o mora. Dichos planes deberán ser presentados dentro de los tres (03) días hábiles siguientes al requerimiento efectuado por el supervisor y/o interventor y las labores a ejecutar no deberán superar el término de quince (15) días calendario. Lo anterior, sin perjuicio de la aplicación del Acuerdo de Nivel de Servicios previstos en el estudio previo. | B52: CUARTA. Núm.. 4.2.3 - OBE. 13 | D52: 4. Ejecución | E52: DATA TOOLS S.A - TRANSVERSAL | J52: =+H52-G52 -> 0 | K52: Según obligación | L52: En espera | M52: SI | P52: Supervisión - Transversal
A53: Requerimientos de tecnología y del sistema de información (Ver hoja Req. Tecnología) | B53: TERCERA. Num.3.2 CUARTA. Núm.. 4.2.3 - OBE. 14 | D53: 4. Ejecución | E53: DATA TOOLS S.A - TRANSVERSAL | J53: =+H53-G53 -> 0 | K53: No definida en el CTO | L53: En espera | P53: Supervisión - Tecnológica
A54: Mantener durante la ejecución del contrato la disponibilidad del talento humano, conformado por el Equipo Directivo y todo aquel requerido para la ejecución del contrato. Para la contratación de las personas naturales se deberá cumplir con las siguientes reglas. El reemplazo del personal deberá realizarse en un término máximo de un mes (1) siguiente al retiro del personal inicialmente presentado | B54: CUARTA. Núm.. 4.2.3 - OBE. 15, a), b), c), d), e) y f) | D54: 4. Ejecución | E54: DATA TOOLS S.A - TRANSVERSAL | K54: Ejecución continua | L54: En espera | M54: SI | P54: Supervisión - Transversal
A55: Incluir en los contratos que celebre el contratista para la vinculación del Equipo de Trabajo la obligación de no prestar servicios relacionados directamente con las labores de su contrato a un tercero (EPS, IPS, intermediarios, operadores, entes de control o cualquier otro interesado en los resultados del proceso de revisión y verificación a los servicios y tecnologías en salud no financiadas con la UPC). Para el personal que ocupe los cargos del Equipo Directivo presentados, aplica esta condición hasta por el término de seis (6) meses, posteriores a la finalización de su vinculación con el Contratista | B55: CUARTA. Núm.. 4.2.3 - OBE. 15, b) | C55: Administrativo - Inclusión de cláusula contractual | D55: 4. Ejecución | G55: 44018 | H55: 44029 | I55: =H55 -> 44029 | K55: Acordada entre las partes | L55: En progreso | M55: SI | P55: Supervisión - Jurídica | Q55: Solicitar evidencia de inclusión en los contratos o realizar el tramite administrativo correspondiente.
A56: Establecer mecanismos idóneos para que el personal que se vincule a la ejecución del contrato no se encuentre incurso en conflictos de interés o causales de inhabilidad o incompatibilidad, según lo previsto en el artículo 11 de la Ley 1437 de 2011 y el artículo 8 de la ley 80 de 1993. El Contratista deberá implementar, entre otros mecanismos, la inclusión de una cláusula en los contratos de vinculación de su personal, en la que se estipule la obligación de declarar expresamente y desde el inicio de la ejecución la condición de no estar incursos en dichas circunstancias. En desarrollo de esto deberá informar los conflictos de interés en que se puedan ver incursos tanto el contratista como su capital humano, durante ejecución. | B56: CUARTA. Núm.. 4.2.3 - OBE. 15, c) y e) CUARTA. Núm.. 4.2.3 - OBE. 16 VIGÉSIMA NOVENA Núm.. 5 | C56: Administrativo - Inclusión de cláusula contractual y deber de informar | D56: 4. Ejecución | E56: DATA TOOLS S.A - TRANSVERSAL | G56: 44018 | H56: 44029 | I56: 44029 | K56: Acordada entre las partes | L56: En espera | M56: SI | N56: Se compagina con la CLÁUSULA QUINTA - OBLIGACIONES DE LA ADRES 5.2, OBLE 10 | P56: Supervisión - Jurídica | Q56: solicitar la inclusión de la cláusula
A57: Atender las instrucciones que la ADRES imparta respecto del proceso de revisión y verificación a los servicios y tecnologías en salud no financiadas con la UPC que le fueron entregados por la Entidad. | B57: CUARTA. Núm.. 4.2.3 - OBE. 17 | D57: 4. Ejecución | E57: DATA TOOLS S.A - TECNOLOGÍA | K57: Acordada entre las partes | L57: En espera | M57: SI | P57: Supervisión - Técnico
A58: Propuesta de metodología de evaluación de las obligaciones | B58: CUARTA. Núm.. 4.2.3 - OBE. 20 | C58: PERFECCIONAMIENTO CTO 227-20 | D58: 4. Ejecución | E58: DATA TOOLS S.A - TRANSVERSAL | F58: Presentación de propuesta metodológica de evaluación obligacional | G58: 44006 | H58: 44020 | I58: =+H58 -> 44020 | J58: =NETWORKDAYS(G58,H58,'Condicionales '!A3:A8) -> 10 | K58: Según obligación | L58: En progreso | M58: SI | N58: Presentado, pendiente por entrega de observaciones para la posterior aprobación de la entidad | P58: Supervisión - Transversal
A59: Aprobación - Adopción de la metodología de evaluación de las obligaciones | B59: CUARTA. Núm.. 4.2.3 - OBE. 20 | D59: 4. Ejecución | E59: ADRES & DATA TOOLS S.A. | F59: Aprobación por parte de la ADRES | G59: 44006 | H59: 44020 | I59: =+H59 -> 44020 | J59: 10 | K59: Según obligación | L59: En espera | M59: SI | N59: N/A | P59: Supervisión - Transversal
A60: Gestionar las comunicaciones que le sean presentadas por las entidades recobrantes, entidades de inspección, vigilancia, control e investigación y demás agentes del Sistema General de Seguridad Social en Salud, e informar a la ADRES sobre las mismas. | B60: CUARTA. Núm.. 4.2.3 - OBE. 22 | C60: PQR | D60: 4. Ejecución | E60: DATA TOOLS S.A - JURÍDICA | K60: Según obligación | L60: En espera | M60: SI | P60: Supervisión - Jurídica
A61: Registro del Software ante la DNDA, incluidas modificaciones, mejoras y ajustes | B61: CUARTA. Núm.. 4.2.3 - OBE. 23 | C61: Entrega del sistema de información a la ADRES | D61: 4. Ejecución | E61: DATA TOOLS S.A - TRANSVERSAL | G61: 44005 | H61: 44066 | I61: =H61 -> 44066 | J61: 2 meses | K61: Según obligación | L61: En espera | M61: SI | N61: Registro de Registro de los derechos patrimoniales sobre el sistema de información o Software utilizado para la prestación del servicio incluyendo modificaciones, mejoras y cualquier ajuste sujeto a registro ante la Dirección Nacional de Derechos de Autor. | P61: Supervisión - Jurídica | Q61: Solicitar estado de avance
A62: Licenciar a la ADRES el uso del sistema de información o Software, que utilice para la prestación del servicio, de manera irrestricta, irrevocable e indefinida, dentro de los dos (2) meses siguientes a la terminación del plazo de ejecución del contrato. Dentro del mismo término de dos (2) meses el Contratista deberá realizar la instalación, configuración y puesta en operación del sistema de información en la plataforma tecnológica de ADRES para su uso y aprovechamiento. | B62: CUARTA. Núm.. 4.2.3 - OBE. 24 | C62: Entrega del sistema de información a la ADRES | D62: 4. Ejecución | E62: DATA TOOLS S.A - TRANSVERSAL | G62: 44196 | H62: =+G62+60 -> 44256 | J62: 2 meses | K62: Única vez | L62: En progreso | N62: A través del oficio 46310 del 03-07-2020 se solicitó presentar propuesta de cronograma para la transferencia del conocimiento sobre la herramienta. | P62: Supervisión - Transversal | R62: jurídica y tecnológica
A63: En el evento que se requiera utilización del software o sistema de información por parte de la ADRES, conforme a lo establecido en la Cláusula Vigésima Novena; el numeral 5 del Numeral 4.2.3. de la Cláusula Cuarta y la nota 3 del numeral 9.2. de la Cláusula Novena, el licenciamiento e instalación a la que se refiere la presente obligación deberá realizarse dentro de los diez (10) días hábiles siguientes al requerimiento que realice la ADRES. Si la utilización del software o sistema de información se requiere antes del respectivo registro en la Dirección Nacional de Derechos de Autor, bastará con una autorización por escrito por parte del contratista y la respectiva instalación, sin perjuicio de que el licenciamiento se realice una vez se encuentre debidamente registrado el software o sistema de información en la Dirección Nacional de Derechos de Autor | B63: CUARTA. Núm.. 4.2.3 - OBE. 24 | C63: Entrega del sistema de información a la ADRES | D63: 4. Ejecución | E63: DATA TOOLS S.A - TRANSVERSAL | P63: Supervisión - Transversal | R63: jurídica y tecnológica
A64: Desarrollar las actividades de transferencia de conocimiento al equipo de técnico para las labores de soporte en la operación y prestar asistencia técnica durante la ejecución del contrato para orientar a la ADRES en el mejoramiento y operación del sistema. | B64: CUARTA. Núm.. 4.2.3 - OBE. 24 | C64: Entrega del sistema de información a la ADRES | D64: 4. Ejecución | E64: DATA TOOLS S.A - TRANSVERSAL | G64: N/A | H64: N/A | J64: N/A | K64: Acordada entre las partes | L64: En espera | P64: Supervisión - Técnico | R64: Definir quienes y periodicidad
A65: Activación de ANS por por omisión o desatención en las condiciones de calidad u oportunidad en los procesos de revisión y verificación | B65: NOVENA. Núm.. 9.2 | C65: ANS | D65: 4. Ejecución | E65: N/A | F65: N/A | G65: N/A | H65: N/A | I65: N/A | J65: N/A | K65: Requisitos pago | L65: En espera | M65: NO | P65: Supervisión - Transversal | R65: Remitir formula de oportunidad para la medición, una vez se cuenta con la información necesaria para auditar.

Sheet Condicionales 
A1: FESTIVOS CO | B1: FRECUENCIA DE EVALUACIÓN | C1: COMPETENCIA SUPERVISOR | D1: SEMÁFOROS | E1: FASE | F1: PARTES | K1: Supervisores | L1: Competencias | M1: Competencias | N1: Periodo de supervisión
A2: 44004 | B2: Única vez | C2: Supervisión - Tecnológica | D2: Cumple | E2: 1. Suscripción | F2: DATA TOOLS S.A - CONTROL INTERNO | K2: Laura Contreras | L2: Transversal | M2: 43999 | N2: =TODAY() -> 44035
A3: 44011 | B3: Diaria | C3: Supervisión - Jurídica | D3: En progreso | E3: 2. Inicio | F3: DATA TOOLS S.A - JURÍDICA | K3: Daniela Zuluaga | L3: Transversal | M3: 44000 | N3: =TODAY() -> 44035
A4: 44032 | B4: Semanal | C4: Supervisión - Tecnico | D4: Cumple parcial | E4: 3. Ejecución - Alistamiento | F4: DATA TOOLS S.A - REVISIÓN NO UPC | K4: Germán Sánchez | L4: Transversal | M4: 44000 | N4: =TODAY() -> 44035
B5: Mensual | C5: Supervisión - Financiera | D5: No Cumple | E5: 4. Ejecución | F5: DATA TOOLS S.A - TECNOLOGÍA | K5: Julio González | L5: Técnico | M5: 44000 | N5: =TODAY() -> 44035
B6: Finalizado el CTO | C6: Supervisión - Transversal | D6: No imputable al contratista | E6: 5. Liquidación | F6: DATA TOOLS S.A - TRANSVERSAL | K6: Fabio Rojas | L6: Jurídico | M6: 44000 | N6: =TODAY() -> 44035
B7: Según obligación | F7: ADRES - DOP | K7: Lilia Castellanos | L7: Técnico | M7: 44000 | N7: =TODAY() -> 44035
B8: Requisitos pago | F8: ADRES - OAJ | K8: Juavier Muñoz | L8: Tecnológico | M8: 43999 | N8: =TODAY() -> 44035
B9: No definida en el CTO | F9: ADRES - TRANSVERSAL | K9: Yuli Gómez | L9: Financiera | M9: 44000 | N9: =TODAY() -> 44035
B10: Acordada entre las partes | F10: ADRES - TECNOLOGÍA
B11: Ejecución continua | F11: ADRES & DATA TOOLS S.A.
F12: N/A | G12: VARIABLES
A13: RESPUESTAS | G13: DICOTÒMICA | H13: VALOR DE 1 SI CUMPLE 0 NO CUMPLE LA CONDICIÒN
A14: SI | B14: Completo | G14: ORDINALES | H14: 1MALO/ 2 REGULAR / 3 BUENO …
A15: NO | B15: En progreso | G15: CONTINUAS | H15: VALOR PARA LOS CUANTITATIVOS | I15: PUEDO EVALUAR EN RANGOS
B16: En espera
B17: Inició
B18: Incompleto
E19: CALIDAD / CANTIDAD / OPORTUNIDAD
E20: CANTIDAD
E21: OPORTUNIDAD
A22: MARCAS EN PDF | B22: AMARILLO | C22: Marcación de incluido o mapeado en la matriz (primera parte del ejercicio para clasificar) | D22: No dice nada
B23: ROSADO | C23: Incluido en matriz pendiente desarrollar o revisar
B24: MORADO | C24: Pendiente por incluir en la matriz - para discutir
B25: VERDE | C25: Producto o servicio cumplido
B26: AZUL | C26: Incluido en otras obligaciones del contrato o no se evalua por ser cualitativa u obedecer a principios que comprenden aspectos morales y éticos | D26: Sin peso propio
E28: MISIONAL | F28: MISIONAL PRINCIPAL MEDIA
B29: CUANTITATIVO | C29: SI | E29: TRANSVERSAL | F29: MISIONAL DERIVADA O DE APOYO
B30: CUALITATIVO | C30: NO | E30: N/A | F30: TRANSVERSAL
B31: VACÍO | C31: SOLO SI SE REQUIERE | F31: N/A
B32: N/A | F32: MISIONAL PRINCIPAL ALTA
F33: MISIONAL PRINCIPAL BAJA
C36: obl | D36: 50
C37: cumplio | D37: 20 | E37: =+D37/D36 -> 0.4 | F37: =+E37*80% -> 0.32
C38: no cumpliò | D38: 30
D45: ANS | E45: CUARTA | F45: 4.2.2 | G45: 5
E46: CUARTA | F46: 4.2.3 | G46: 3
E47: CUARTA | F47: 4.2.3 | G47: 4
E48: CUARTA | F48: 4.2.3 | G48: 10

Sheet OBL. CONTRATO 
A1: ORDEN | B1: CLÁUSULA | C1: Núm. | D1: OBL | E1: Contenido OBL | F1: Consolidación | G1: CUANTIFICABLE/ CUALITATIVO | H1: Forma de medición o entregable | I1: CRITERIO | J1: MEDICIÓN | K1: OBSERVACIÓN | L1: ¿Debe revisarse nuevamente? | M1: Clasificación | N1: Subclasificación | O1: Puntaje General | P1: Puntaje Específico | Q1: ¿aplica ANS? | R1: Resultado Alistamiento | S1: Resultado Jul 2020 | T1: Resultado Ago. 2020 | U1: Resultado Sep. 2020 | V1: Resultado Oct 2020 | W1: Resultado Nov2020 | X1: Resultado Dic 2020 | Y1: Resultado Final | Z1: Promedio ponderado | AA1: Supervisión
A2: 1 | B2: CUARTA | C2: 4.1 | D2: 1 | E2: Suscribir el acta de inicio dentro de los cinco (5) días siguientes a la celebración del contrato. Para la suscripción del acta de inicio el contratista deberá contar con: i) Aprobación de las garantías otorgadas por parte de la ADRES, ii) Aprobación de las hojas de vida del equipo directivo con el que se ejecutará el contrato, iii) Evidenciar el trámite para la instalación y puesta en operación del canal dedicado de comunicaciones, iv) Demostrar que dispone de una sede de operaciones y entregar el plan de trabajo para la ejecución del contrato establecido en la obligación específica número 1 del numeral 4.2.3 del presente contrato. | F2: CUARTA. Núm.. 4.1 - OBG. 1, 19 CUARTA.34, (i), (ii) y (iii) DÉCIMA PRIMERA CLAUSULA DECIMA QUINTA | G2: CUALITATIVO | H2: Acta de inicio | I2: Entregado | J2: 1 | K2: Acta de inicio suscrita el 23/06/2020, publicada en el SECOP II | L2: NO | M2: TRANSVERSAL | N2: TRANSVERSAL | O2: =+IF(M2="TRANSVERSAL ","20%",IF(M2="MISIONAL ","80%","0%")) -> 20% | P2: =+VLOOKUP(_xlfn.CONCAT(M2,N2),DINÁMICA!$H$5:$K$11,4,0) -> 0.008 | Q2: No | R2: N/A | AA2: =AA18 -> Supervisión - Transversal
A3: 2 | B3: CUARTA | C3: 4.1 | D3: 2 | E3: Cumplir con el objeto del contrato de acuerdo con las condiciones jurídicas, técnicas y financieras del mismo y demás normas aplicables vigentes. | F3: Se consolida en la totalidad del contenido obligacional | G3: VACÍO | H3: N/A | I3: N/A | J3: N/A | K3: se verifica en todas las obligaciones del contrato | L3: SOLO SI SE REQUIERE | M3: N/A | N3: N/A | O3: =+IF(M3="TRANSVERSAL ","20%",IF(M3="MISIONAL ","80%","0%")) -> 0% | P3: =+VLOOKUP(_xlfn.CONCAT(M3,N3),DINÁMICA!$H$5:$K$11,4,0) -> 0 | Q3: No | R3: N/A | AA3: =AA18 -> Supervisión - Transversal
A4: 3 | B4: CUARTA | C4: 4.1 | D4: 3 | E4: Realizar las labores contratadas en forma independiente, bajo su propio riesgo y responsabilidad, con sujeción a la normativa vigente y las especificaciones técnicas definidas por la ADRES, sin que ello implique exclusividad, salvo en los eventos en que otras actividades similares o relacionadas con el objeto del contrato impliquen conflictos de interés. | F4: Independencia | G4: VACÍO | H4: N/A | I4: N/A | J4: N/A | K4: Mientras no surjan alertas, se presume el cumplimiento. | L4: SOLO SI SE REQUIERE | M4: N/A | N4: N/A | O4: =+IF(M4="TRANSVERSAL ","20%",IF(M4="MISIONAL ","80%","0%")) -> 0% | P4: =+VLOOKUP(_xlfn.CONCAT(M4,N4),DINÁMICA!$H$5:$K$11,4,0) -> 0 | Q4: No | R4: N/A | AA4: =AA18 -> Supervisión - Transversal
A5: 4 | B5: CUARTA | C5: 4.1 | D5: 4 | E5: Contar con el personal suficiente que le permita cumplir con el objeto contractual en condiciones de calidad y oportunidad. | F5: CUARTA. Núm.. 4.2.2 - OBEA. 4 CUARTA. Núm.. 4.1 - OBG. 4 | G5: CUALITATIVO | H5: Certificación del número de número y la cualificación de personas contratadas por el contratista para el desarrollo de cada subproceso, en el marco de las tres líneas de acción definidas con la ADRES. | I5: Cumple/No Cumple | J5: 1 | L5: SI | M5: TRANSVERSAL | N5: TRANSVERSAL | O5: =+IF(M5="TRANSVERSAL ","20%",IF(M5="MISIONAL ","80%","0%")) -> 20% | P5: =+VLOOKUP(_xlfn.CONCAT(M5,N5),DINÁMICA!$H$5:$K$11,4,0) -> 0.008 | Q5: No | R5: N/A | AA5: =VLOOKUP(F5,'Seguimiento General '!$B$15:$P$65,15,FALSE) -> Supervisión - Jurídica
A6: 5 | B6: CUARTA | C6: 4.1 | D6: 5 | E6: Cumplir con las disposiciones sobre contratación de personal colombiano y extranjero que efectúe en el marco de la ejecución del contrato y pagar por su cuenta todos los honorarios, salarios y prestaciones de Ley, de ser el caso, y/o realizar de forma oportuna los pagos o desembolsos dispuestos a favor de su personal en la forma y condiciones convenidas. | F6: CUARTA. Núm.. 4.1 - OBG. 5 y 6 NOVENA. Núm.. 9.4, Lit. e) CLAUSULA DECIMA QUINTA | G6: CUANTITATIVO | H6: ((Cantidad de certificaciones de pago de salarios, honorarios y prestaciones de ley/8)*(Cantidad de certificaciones de pago de salarios, honorarios y prestaciones de ley en oportunidad/8)) | I6: 1 | J6: 1 | K6: El 8 obedece a la cantidad de informes a presentar durante la ejecuciòn del contrato. Para el periodo a evaluar este indicador corresponderá a 1 | M6: TRANSVERSAL | N6: TRANSVERSAL | O6: =+IF(M6="TRANSVERSAL ","20%",IF(M6="MISIONAL ","80%","0%")) -> 20% | P6: =+VLOOKUP(_xlfn.CONCAT(M6,N6),DINÁMICA!$H$5:$K$11,4,0) -> 0.008 | Q6: No | R6: N/A | AA6: =VLOOKUP(F6,'Seguimiento General '!$B$15:$P$65,15,FALSE) -> Supervisión - Financiera
A7: 6 | B7: CUARTA | C7: 4.1 | D7: 6 | E7: Realizar y/o verificar de forma cumplida el pago de aportes al Sistema de Seguridad Social Integral y parafiscales de todo el personal que sea vinculado para la ejecución del contrato. | F7: CUARTA. Núm.. 4.1 - OBG. 5 y 6 NOVENA. Núm.. 9.4, Lit. e) CLAUSULA DECIMA QUINTA | G7: VACÍO | H7: N/A | I7: N/A | J7: N/A | K7: Se verifica en la obligación 4.1.5 | M7: N/A | N7: N/A | O7: =+IF(M7="TRANSVERSAL ","20%",IF(M7="MISIONAL ","80%","0%")) -> 0% | P7: =+VLOOKUP(_xlfn.CONCAT(M7,N7),DINÁMICA!$H$5:$K$11,4,0) -> 0 | Q7: No | R7: N/A | AA7: =VLOOKUP(F7,'Seguimiento General '!$B$15:$P$65,15,FALSE) -> Supervisión - Financiera
A8: 7 | B8: CUARTA | C8: 4.1 | D8: 7 | E8: Responder por cualquier tipo de reclamación, judicial o extrajudicial, que instaure, impulse o en la que coadyuve el personal o subcontratistas contra la ADRES, por causa o con ocasión del contrato. | F8: Responsabilidad | G8: VACÍO | H8: N/A | I8: N/A | J8: N/A | K8: Se activa cuando se requiera | L8: SOLO SI SE REQUIERE | M8: N/A | N8: N/A | O8: =+IF(M8="TRANSVERSAL ","20%",IF(M8="MISIONAL ","80%","0%")) -> 0% | P8: =+VLOOKUP(_xlfn.CONCAT(M8,N8),DINÁMICA!$H$5:$K$11,4,0) -> 0 | Q8: No | R8: N/A | AA8: =AA10 -> Supervisión - Jurídica
A9: 8 | B9: CUARTA | C9: 4.1 | D9: 8 | E9: Presentar para cada uno de los pagos informe correspondiente al avance del contrato, concreto y preciso, anexando el pago de aportes al Sistema de Seguridad Social Integral y parafiscales del período correspondiente. | F9: CUARTA. Núm.. 4.1 - OBG. 8 CUARTA. Núm.. 4.2.3 - OBE. 19 | G9: VACÍO | H9: N/A | I9: N/A | J9: N/A | K9: Se evalúa en la obligación específica 19 | L9: NO | M9: N/A | N9: N/A | O9: =+IF(M9="TRANSVERSAL ","20%",IF(M9="MISIONAL ","80%","0%")) -> 0% | P9: =+VLOOKUP(_xlfn.CONCAT(M9,N9),DINÁMICA!$H$5:$K$11,4,0) -> 0 | Q9: No | R9: N/A | AA9: =VLOOKUP(F9,'Seguimiento General '!$B$15:$P$65,15,FALSE) -> Supervisión - Transversal
A10: 9 | B10: CUARTA | C10: 4.1 | D10: 9 | E10: Guardar la debida reserva, cuidado y custodia de la información y/o de los soportes a los que se tenga acceso y/o le sean suministrados con ocasión del contrato y utilizarla exclusivamente para los fines de este. | F10: CUARTA. Núm.. 4.1 - OBE. 9 | G10: CUALITATIVO | H10: Documento mediante el cual manifieste conocer, adoptar e implementar las políticas de seguridad y privacidad de la información de la ADRES | I10: Cumple/No Cumple | J10: 1 | K10: https://www.adres.gov.co/Portals/0/manuales/2020/Pol%C3%ADticas%20de%20Seguridad/[FINAL]%20PGSPI%20V2.0.pdf?ver=2020-05-27-144455-580 https://www.adres.gov.co/Portals/0/manuales/2020/Pol%C3%ADticas%20de%20Seguridad/[FINAL]%20Man%20PESPI%20V2.0.pdf?ver=2020-05-27-144455-607 | L10: SOLO SI SE REQUIERE | M10: TRANSVERSAL | N10: TRANSVERSAL | O10: =+IF(M10="TRANSVERSAL ","20%",IF(M10="MISIONAL ","80%","0%")) -> 20% | P10: =+VLOOKUP(_xlfn.CONCAT(M10,N10),DINÁMICA!$H$5:$K$11,4,0) -> 0.008 | Q10: No | R10: N/A | AA10: =VLOOKUP(F10,'Seguimiento General '!$B$15:$P$65,15,FALSE) -> Supervisión - Jurídica
A11: 10 | B11: CUARTA | C11: 4.1 | D11: 10 | E11: Suscribir, junto con el acta de inicio, el documento Compromiso de Confidencialidad y Reserva de manejo de la Información que suministre la ADRES. | F11: CUARTA. Núm.. 4.1 - OBG. 10 y 11 | G11: CUALITATIVO | H11: Documento de confidencialidad suscrito | I11: Cumple/No Cumple | J11: 1 | K11: El entregable se suscribió y entregó junto con el acta de inicio del 23 de junio de 2020 | L11: NO | M11: TRANSVERSAL | N11: TRANSVERSAL | O11: =+IF(M11="TRANSVERSAL ","20%",IF(M11="MISIONAL ","80%","0%")) -> 20% | P11: =+VLOOKUP(_xlfn.CONCAT(M11,N11),DINÁMICA!$H$5:$K$11,4,0) -> 0.008 | Q11: No | R11: N/A | AA11: =VLOOKUP(F11,'Seguimiento General '!$B$15:$P$65,15,FALSE) -> Supervisión - Transversal
A12: 11 | B12: CUARTA | C12: 4.1 | D12: 11 | E12: No revelar, publicar o dar a conocer, total o parcialmente información, a ninguna persona aparte de sus empleados, contratistas, consultores o afiliados que específicamente necesiten conocerla para poder desarrollar el objeto contractual, por lo que se compromete a: (i) Utilizar dicha información de forma reservada. (ii). Impedir la copia o revelación de esa información a terceros, salvo que gocen de aprobación escrita de la ADRES, y únicamente en términos de tal aprobación. (iii) No utilizar la información o fragmentos de esta para fines distintos de la ejecución de este contrato. Dar uso distinto a la información establecida en el contrato y en el presente estudio previo, así como la revelación de la información confidencial, dará lugar a tomar las respectivas medidas legales. | F12: CUARTA. Núm.. 4.1 - OBG. 11 CUARTA. Núm.. 4.2.3 - OBE. 15, Lit. d) DÉCIMA OCTAVA | G12: VACÍO | H12: N/A | I12: N/A | J12: N/A | K12: Se evalúa en otras obligaciones | L12: NO | M12: N/A | N12: N/A | O12: =+IF(M12="TRANSVERSAL ","20%",IF(M12="MISIONAL ","80%","0%")) -> 0% | P12: =+VLOOKUP(_xlfn.CONCAT(M12,N12),DINÁMICA!$H$5:$K$11,4,0) -> 0 | Q12: No | R12: N/A | AA12: =VLOOKUP(F12,'Seguimiento General '!$B$15:$P$65,15,FALSE) -> Supervisión - Jurídica
A13: 12 | B13: CUARTA | C13: 4.1 | D13: 12 | E13: Elaborar el mapa de riesgos y tratamiento del riesgo que contenga como mínimo los mecanismos, alertas y actividades que le permitirán identificar, controlar y mitigar los riesgos de fuga de la información confidencial y oficial que es inherente al proceso de revisión y verificación. Para lo anteriormente enunciado, deberá definirse de común acuerdo el esquema de medición que permita el monitoreo continuo, el cual hará parte del informe mensual de gestión. | F13: CUARTA. Núm.. 4.1 - OBG. 12 | G13: CUANTITATIVO | H13: ((Presentar el mapa de riesgos asociados a la fuga de información confidencial y oficial y su tratamiento *20%) + ((Evidencia mensual del monitoreo continúo realizado por la Dirección de Control Interno del contratista/6)*80%) | I13: Resultado del indicador según metodología | J13: 1 | K13: Sin excepción, durante la ejecución del contrato, la matriz de riesgos asociados a la fuga de información confidencial y oficial, debe permitir el monitoreo continuo, cuyos resultados deberán hacer parte del informe mensual de gestión. El número 6 que se presenta en el denominador obedece a la cantidad de informes mensuales de ejecución. Por lo tanto para la medición de un solo periodo, este se sustituye por el número 1 | L13: SI | M13: TRANSVERSAL | N13: TRANSVERSAL | O13: =+IF(M13="TRANSVERSAL ","20%",IF(M13="MISIONAL ","80%","0%")) -> 20% | P13: =+VLOOKUP(_xlfn.CONCAT(M13,N13),DINÁMICA!$H$5:$K$11,4,0) -> 0.008 | Q13: No | R13: N/A | AA13: =VLOOKUP(F13,'Seguimiento General '!$B$15:$P$65,15,FALSE) -> Supervisión - Transversal
A14: 13 | B14: CUARTA | C14: 4.1 | D14: 13 | E14: Indemnizar y/o asumir todo daño que se cause a terceros, a bienes propios o de terceros, o al personal contratado para la ejecución del contrato, por causa o con ocasión del desarrollo de este. | F14: Responsabilidad | G14: VACÍO | H14: N/A | I14: N/A | J14: N/A | K14: Se activa cuando se requiera | L14: SOLO SI SE REQUIERE | M14: N/A | N14: N/A | O14: =+IF(M14="TRANSVERSAL ","20%",IF(M14="MISIONAL ","80%","0%")) -> 0% | P14: =+VLOOKUP(_xlfn.CONCAT(M14,N14),DINÁMICA!$H$5:$K$11,4,0) -> 0 | Q14: No | R14: N/A | AA14: =AA8 -> Supervisión - Jurídica
A15: 14 | B15: CUARTA | C15: 4.1 | D15: 14 | E15: Obrar con lealtad y buena fe durante la ejecución del contrato, evitando dilaciones injustificadas. | F15: Buena fe | G15: VACÍO | H15: N/A | I15: N/A | J15: N/A | K15: Se presume la buena fe | L15: NO | M15: N/A | N15: N/A | O15: =+IF(M15="TRANSVERSAL ","20%",IF(M15="MISIONAL ","80%","0%")) -> 0% | P15: =+VLOOKUP(_xlfn.CONCAT(M15,N15),DINÁMICA!$H$5:$K$11,4,0) -> 0 | Q15: No | R15: N/A | AA15: =AA14 -> Supervisión - Jurídica
A16: 15 | B16: CUARTA | C16: 4.1 | D16: 15 | E16: Reportar cualquier novedad o anomalía que se presente dentro de la ejecución del contrato a quien efectúe la supervisión y/o interventoría de este. | F16: Responsabilidad | G16: CUALITATIVO | H16: Certificación suscrita por el Gerente General del proyecto, en la que consten las anomalías presentadas para el periodo de reporte y su informe al supervisor. | I16: Cumple/No cumple | J16: 1 | K16: Se activa cuando se requiera | L16: SI | M16: TRANSVERSAL | N16: TRANSVERSAL | O16: =+IF(M16="TRANSVERSAL ","20%",IF(M16="MISIONAL ","80%","0%")) -> 20% | P16: =+VLOOKUP(_xlfn.CONCAT(M16,N16),DINÁMICA!$H$5:$K$11,4,0) -> 0.008 | Q16: No | R16: N/A | AA16: =AA15 -> Supervisión - Jurídica
A17: 16 | B17: CUARTA | C17: 4.1 | D17: 16 | E17: Suministrar a la supervisión o interventoría del contrato la información que requiera para el ejercicio de su labor. | F17: CUARTA. Núm.. 4.1 - OBG. 16 | G17: CUANTITATIVO | H17: Número de información entregada / número de información requerida | I17: 1 | M17: TRANSVERSAL | N17: TRANSVERSAL | O17: =+IF(M17="TRANSVERSAL ","20%",IF(M17="MISIONAL ","80%","0%")) -> 20% | P17: =+VLOOKUP(_xlfn.CONCAT(M17,N17),DINÁMICA!$H$5:$K$11,4,0) -> 0.008 | Q17: No | R17: N/A | AA17: =VLOOKUP(F17,'Seguimiento General '!$B$15:$P$65,15,FALSE) -> Supervisión - Transversal
A18: 17 | B18: CUARTA | C18: 4.1 | D18: 17 | E18: Aceptar y comprometerse a conocer los lineamientos establecidos por la ADRES en materia de procesos y procedimientos relacionados con el Sistema Integrado de Gestión Institucional – SIGI. Consecuencia de lo anterior, no podrá oponer en ningún caso el desconocimiento de algún proceso y/o procedimiento. El contratista se obliga a consultar cada uno de los procesos y/o procedimientos, en especial los referentes al proceso en el cual se va a ejecutar el objeto del contrato. | F18: CUARTA. Núm.. 4.1 - OBG. 17 | G18: CUALITATIVO | H18: Certificación emitida por la Gerente del Proyecto, en la que se acredite el compromiso relacionado con los lineamientos en materia de procesos y procedimientos del Sistema Integrado de Gestión Institucional – SIGI | I18: Certificación procesos y procedimientos del Sistema Integrado de Gestión Institucional – SIGI | J18: 1 | M18: TRANSVERSAL | N18: TRANSVERSAL | O18: =+IF(M18="TRANSVERSAL ","20%",IF(M18="MISIONAL ","80%","0%")) -> 20% | P18: =+VLOOKUP(_xlfn.CONCAT(M18,N18),DINÁMICA!$H$5:$K$11,4,0) -> 0.008 | Q18: No | R18: N/A | AA18: =VLOOKUP(F18,'Seguimiento General '!$B$15:$P$65,15,FALSE) -> Supervisión - Transversal
A19: 18 | B19: CUARTA | C19: 4.1 | D19: 18 | E19: Aceptar y comprometerse a dar pleno cumplimiento con las políticas de seguridad de la información y los lineamientos dados por la ADRES relacionados con el Sistema de Gestión de Seguridad de la Información y las políticas emanadas por el Ministerio de las Tecnologías de la Información y las Comunicaciones, en especial las relacionadas con el MSPI aplicado a la ADRES. Con la suscripción del contrato en SECOP II, el contratista se obliga a conocer el(los) documento(s) relacionados con esta obligación, y en consecuencia no podrá alegar el desconocimiento de las políticas, actividades, compromisos de que trata la presente obligación | F19: CUARTA. Núm.. 4.1 - OBG. 18 | G19: CUALITATIVO | H19: Certificación del Director de Tecnología del contratista donde Acepta y se compromete a dar pleno cumplimiento con las políticas de seguridad de la información | I19: Cumple | J19: 1 | M19: TRANSVERSAL | N19: TRANSVERSAL | O19: =+IF(M19="TRANSVERSAL ","20%",IF(M19="MISIONAL ","80%","0%")) -> 20% | P19: =+VLOOKUP(_xlfn.CONCAT(M19,N19),DINÁMICA!$H$5:$K$11,4,0) -> 0.008 | Q19: No | R19: N/A | AA19: =VLOOKUP(F19,'Seguimiento General '!$B$15:$P$65,15,FALSE) -> Supervisión - Tecnológica
A20: 19 | B20: CUARTA | C20: 4.1 | D20: 19 | E20: Constituir la garantía a favor de la ADRES en los términos establecidos en este documento y mantenerla vigente durante el periodo de cada amparo, por los valores y con los amparos previstos en el mismo. Se obliga a presentarla dentro de los tres (3) días hábiles siguientes a la firma de contrato. | F20: CUARTA. Núm.. 4.1 - OBG. 19 CUARTA.34 (ii DÉCIMA PRIMERA | G20: CUALITATIVO | H20: Poliza_10_NB-100131549_0- de Mundial de Seguros | I20: Cumple/No Cumple | J20: 1 | K20: Garantía aprobada por el grupo interno de gestión contractual de la ADRES, el 17 de junio de 2020 y se encuentra publicada en el SECOP II | L20: SOLO SI SE REQUIERE | M20: TRANSVERSAL | N20: TRANSVERSAL | O20: =+IF(M20="TRANSVERSAL ","20%",IF(M20="MISIONAL ","80%","0%")) -> 20% | P20: =+VLOOKUP(_xlfn.CONCAT(M20,N20),DINÁMICA!$H$5:$K$11,4,0) -> 0.008 | Q20: No | R20: N/A | AA20: =VLOOKUP(F20,'Seguimiento General '!$B$15:$P$65,15,FALSE) -> Supervisión - Transversal
A21: 20 | B21: CUARTA | C21: 4.1 | D21: 20 | E21: Aplicar las buenas prácticas ambientales, las políticas y directrices consagradas en la Política Nacional de Producción y Consumo Sostenible de Colombia y las herramientas establecidas en la Guía conceptual y metodológica de compras públicas sostenibles con el ambiente G-CPSMA-02, expedidas por Colombia Compra Eficiente. | F21: CUARTA. Núm.. 4.1 - OBG. 20 TRIGÉSIMA PRIMERA | G21: CUALITATIVO | H21: Certificación suscrita por el Representante Legal en la que se acredite el cumplimiento de las buenas prácticas ambientales / herramientas de análisis costo-beneficio del Ministerio de Ambiente y Desarrollo Sostenible para insumos de oficina, servicios generales y equipos eléctricos | I21: Cumple/No Cumple | J21: 1 | K21: Es necesario establecer la periodicidad de entrega de las verificaciones durante la ejecución del contrato | L21: SI | M21: TRANSVERSAL | N21: TRANSVERSAL | O21: =+IF(M21="TRANSVERSAL ","20%",IF(M21="MISIONAL ","80%","0%")) -> 20% | P21: =+VLOOKUP(_xlfn.CONCAT(M21,N21),DINÁMICA!$H$5:$K$11,4,0) -> 0.008 | Q21: No | R21: N/A | AA21: =VLOOKUP(F21,'Seguimiento General '!$B$15:$P$65,15,FALSE) -> Supervisión - Jurídica
A22: 21 | B22: CUARTA | C22: 4.1 | D22: 21 | E22: Responder ante las autoridades competentes por los actos u omisiones que ejecute en desarrollo de contrato, cuando con ellos cause perjuicio a la administración o a terceros en los términos del artículo 52 de la Ley 80 de 1993. | F22: Responsabilidad | G22: VACÍO | H22: N/A | I22: N/A | J22: N/A | K22: Se activa cuando se requiera | L22: SOLO SI SE REQUIERE | M22: N/A | N22: N/A | O22: =+IF(M22="TRANSVERSAL ","20%",IF(M22="MISIONAL ","80%","0%")) -> 0% | P22: =+VLOOKUP(_xlfn.CONCAT(M22,N22),DINÁMICA!$H$5:$K$11,4,0) -> 0 | Q22: No | R22: N/A | AA22: =AA16 -> Supervisión - Jurídica
A23: 22 | B23: CUARTA | C23: 4.1 | D23: 22 | E23: Gestionar todas las comunicaciones por intermedio del supervisor y/o interventor del contrato y manifestar por escrito que conoce que, en todo caso, quien tiene la facultad para decidir cualquier cambio sobre las estipulaciones contenidas en este documento, SECOP I – II y demás documentos físicos y/o electrónicos es el Ordenador del Gasto en materia contractual de la ADRES. | F23: CUARTA. Núm.. 4.1 - OBG. 22 | G23: CUANTITATIVO | H23: (((Número de comunicaciones gestionadas y/o reportadas al grupo supervisor / número de comunicaciones gestionadas)*50%) + (Documento mediante el cual se comprometa a gestionar todas las comunicaciones por intermedio del supervisor y manifieste por escrito que conoce y acepta que el Ordenador del Gasto es el único facultado para decidir cualquier cambio sobre las estipulaciones contenidas en este documento, SECOP I – II y demás documentos físicos y/o electrónicos)*50%) | I23: Resultado del indicador según metodología | J23: 1 | K23: Se entiende por gestionar, reportar al grupo supervisor todas las comunicaciones que se generan. Para la medición de esta obligación el contratista deberá presentar, junto con el informe de gestión mensual, la relación de comunicaciones gestionadas durante el periodo objeto de reporte, incluyendo el asunto y fecha de generación, así como el número de radicado cuando se trate de comunicaciones distintas a las enviadas por correo electrónico. | L23: SOLO SI SE REQUIERE | M23: TRANSVERSAL | N23: TRANSVERSAL | O23: =+IF(M23="TRANSVERSAL ","20%",IF(M23="MISIONAL ","80%","0%")) -> 20% | P23: =+VLOOKUP(_xlfn.CONCAT(M23,N23),DINÁMICA!$H$5:$K$11,4,0) -> 0.008 | Q23: No | R23: N/A | AA23: =VLOOKUP(F23,'Seguimiento General '!$B$15:$P$65,15,FALSE) -> Supervisión - Jurídica
A24: 23 | B24: CUARTA | C24: 4.1 | D24: 23 | E24: Participar en las reuniones en las que sea requerida su asistencia ya sea por parte de la ADRES o el supervisor y/o interventor, evidenciando la reunión realizada mediante el levantamiento de una ayuda de memoria por parte del contratista y que deberá estar acompañado del listado de asistencia de la reunión. | F24: CUARTA. Núm.. 4.1 - OBG. 23 CUARTA. Núm.. 4.2.2 - OBEA. 2 | G24: CUANTITATIVO | H24: Cantidad de reuniones a las que asiste y presenta ayuda de memoria/ número de reuniones a las que fue convocado | I24: Resultado del indicador según metodología | J24: 1 | K24: En el informe de gestión el contratista deberá listar las reuniones a las que se asistió en el mes reportado, indicando asunto, fecha y hora, y aportar ayudas de memoria. | L24: SI | M24: TRANSVERSAL | N24: TRANSVERSAL | O24: =+IF(M24="TRANSVERSAL ","20%",IF(M24="MISIONAL ","80%","0%")) -> 20% | P24: =+VLOOKUP(_xlfn.CONCAT(M24,N24),DINÁMICA!$H$5:$K$11,4,0) -> 0.008 | Q24: No | R24: N/A | AA24: =VLOOKUP(F24,'Seguimiento General '!$B$15:$P$65,15,FALSE) -> Supervisión - Transversal
A25: 24 | B25: CUARTA | C25: 4.1 | D25: 24 | E25: Las demás que estén directamente relacionadas con el objeto u obligaciones del contrato. | F25: Se consolida en la totalidad del contenido obligacional | G25: VACÍO | H25: N/A | I25: N/A | J25: N/A | K25: se verifica en otras obligaciones | L25: NO | M25: N/A | N25: N/A | O25: =+IF(M25="TRANSVERSAL ","20%",IF(M25="MISIONAL ","80%","0%")) -> 0% | P25: =+VLOOKUP(_xlfn.CONCAT(M25,N25),DINÁMICA!$H$5:$K$11,4,0) -> 0 | Q25: No | R25: N/A | AA25: =AA4 -> Supervisión - Transversal
A26: 25 | B26: CUARTA | C26: 4.2.2 | D26: 1 | E26: Elaborar y presentar a la ADRES un protocolo de intercambio de información que de manera detallada describa los términos, condiciones, formatos, medios y procedimientos para garantizar una fluida, oportuna y correcta comunicación entre las partes. | F26: CUARTA. Núm.. 4.2.2 - OBEA. 1 | G26: CUALITATIVO | H26: Registro de la evidencia que se cuenta con un protocolo de intercambio de información que de manera detallada describa los términos, condiciones, formatos, medios y procedimientos para garantizar una fluida, oportuna y correcta comunicación entre las partes | I26: Protocolo de intercambio de información | J26: 1 | K26: Sin excepción, durante la ejecución del contrato, se debe tener en cuenta la implementación del protocolo de intercambio de información. | L26: SI | M26: TRANSVERSAL | N26: TRANSVERSAL | O26: =+IF(M26="TRANSVERSAL ","20%",IF(M26="MISIONAL ","80%","0%")) -> 20% | P26: =+VLOOKUP(_xlfn.CONCAT(M26,N26),DINÁMICA!$H$5:$K$11,4,0) -> 0.008 | Q26: No | AA26: =VLOOKUP(F26,'Seguimiento General '!$B$15:$P$65,15,FALSE) -> Supervisión - Tecnológica
A27: 26 | B27: CUARTA | C27: 4.2.2 | D27: 2 | E27: Asistir a los talleres y reuniones que se programen por parte de la ADRES para lograr la parametrización, estandarización y adaptación de la infraestructura operativa y tecnológica. | F27: CUARTA. Núm.. 4.1 - OBG. 23 CUARTA. Núm.. 4.2.2 - OBEA. 2 | G27: CUANTITATIVO | H27: Número de talleres a los que se asistió / Número de talleres a los que se convocó | I27: Resultado del indicador según metodología | J27: 1 | M27: TRANSVERSAL | N27: TRANSVERSAL | O27: =+IF(M27="TRANSVERSAL ","20%",IF(M27="MISIONAL ","80%","0%")) -> 20% | P27: =+VLOOKUP(_xlfn.CONCAT(M27,N27),DINÁMICA!$H$5:$K$11,4,0) -> 0.008 | Q27: No | AA27: =VLOOKUP(F27,'Seguimiento General '!$B$15:$P$65,15,FALSE) -> Supervisión - Transversal
A28: 27 | B28: CUARTA | C28: 4.2.2 | D28: 3 | E28: Concluir las adaptaciones y mejoras en su infraestructura operativa y tecnológica para garantizar el inicio de la operación. | F28: CUARTA. Núm.. 4.2.2 - OBEA. 3 | G28: CUALITATIVO | H28: Evidencias de las funcionalidades presentadas en la visita del 07 de julio de 2020 | I28: Cumple | J28: 1 | K28: Esta obligación se verifica en etapa de alistamiento | L28: NO | M28: MISIONAL | N28: MISIONAL DERIVADA O DE APOYO | O28: =+IF(M28="TRANSVERSAL ","20%",IF(M28="MISIONAL ","80%","0%")) -> 80% | P28: =+VLOOKUP(_xlfn.CONCAT(M28,N28),DINÁMICA!$H$5:$K$11,4,0) -> 0.033333333 | Q28: No | AA28: =VLOOKUP(F28,'Seguimiento General '!$B$15:$P$65,15,FALSE) -> Supervisión - Tecnológica
A29: 28 | B29: CUARTA | C29: 4.2.2 | D29: 4 | E29: Vincular el personal directivo, profesionales transversales y auditores para la ejecución del contrato. | F29: CUARTA. Núm.. 4.2.2 - OBEA. 4 CUARTA. Núm.. 4.1 - OBG. 4 | G29: VACÍO | H29: N/A | I29: N/A | J29: N/A | K29: se verifica en otras obligaciones - es el último a verificar en la aplicación de la metodología | L29: NO | M29: N/A | N29: N/A | O29: =+IF(M29="TRANSVERSAL ","20%",IF(M29="MISIONAL ","80%","0%")) -> 0% | P29: =+VLOOKUP(_xlfn.CONCAT(M29,N29),DINÁMICA!$H$5:$K$11,4,0) -> 0 | Q29: No | AA29: =VLOOKUP(F29,'Seguimiento General '!$B$15:$P$65,15,FALSE) -> Supervisión - Jurídica
A30: 29 | B30: CUARTA | C30: 4.2.2 | D30: 5 | E30: Efectuar las revisiones y verificaciones de los servicios y tecnologías no financiados con cargo a la UPC de acuerdo con el cronograma establecido por la ADRES y acreditar los estándares de calidad establecidos. | F30: CUARTA. Núm.. 4.2.2 - OBEA. 5 | G30: CUANTITATIVO | H30: Total de paquetes entregados que superaron la etapa de revisión de calidad / Total de paquetes que se debían entregar | I30: Resultado del indicador según metodología | J30: 1 | K30: Aplica únicamente a la etapa de alistamiento Entiéndase paquetes entregados con resultado en condiciones de oportunidad y calidad aquellos a los que no se le aplicaron Acuerdos de Niveles de Servicios | L30: SI | M30: MISIONAL | N30: MISIONAL PRINCIPAL MEDIA | O30: =+IF(M30="TRANSVERSAL ","20%",IF(M30="MISIONAL ","80%","0%")) -> 80% | P30: =+VLOOKUP(_xlfn.CONCAT(M30,N30),DINÁMICA!$H$5:$K$11,4,0) -> 0.1 | Q30: No | AA30: =VLOOKUP(F30,'Seguimiento General '!$B$15:$P$65,15,FALSE) -> Supervisión - Técnico
A31: 30 | B31: CUARTA | C31: 4.2.2 | D31: 6 | E31: Adelantar las demás actividades que la ADRES le solicite para efectos de revisar y verificar los servicios y tecnologías en salud que se le asignen y cumplir con los estándares de calidad establecidos. | F31: CUARTA. Núm.. 4.2.2 - OBEA. 6 | G31: VACÍO | H31: N/A | I31: N/A | J31: N/A | K31: se verifica en otras obligaciones - es el último a verificar en la aplicación de la metodología | L31: NO | M31: N/A | N31: N/A | O31: =+IF(M31="TRANSVERSAL ","20%",IF(M31="MISIONAL ","80%","0%")) -> 0% | P31: =+VLOOKUP(_xlfn.CONCAT(M31,N31),DINÁMICA!$H$5:$K$11,4,0) -> 0 | Q31: No | AA31: =VLOOKUP(F31,'Seguimiento General '!$B$15:$P$65,15,FALSE) -> Supervisión - Transversal
A32: 31 | B32: CUARTA | C32: 4.2.3 | D32: 1 | E32: Presentar para la suscripción del acta de inicio el plan de trabajo para la ejecución del contrato. Dicho documento deberá contener las actividades generales que proyecta ejecutar durante el plazo del contrato y los recursos humanos, físicos, técnicos y tecnológicos que prevé emplear. Este plan de trabajo deberá ser aprobado por el supervisor y/o interventor del contrato. El supervisor y/o interventor, durante la ejecución del contrato, podrá solicitar al Contratista la realización de adiciones, modificaciones y/o ajustes a su contenido, los cuales serán de obligatorio cumplimiento. El contratista asegurará la actualización oportuna del plan de trabajo y lo mantendrá a disposición del supervisor y/o interventor para la respectiva verificación y control. | F32: CUARTA. Núm.. 4.2.3 - OBE. 1 | G32: CUALITATIVO | H32: Presentación del Plan de Trabajo General | I32: Cumple | J32: 1 | L32: SOLO SI SE REQUIERE | M32: TRANSVERSAL | N32: TRANSVERSAL | O32: =+IF(M32="TRANSVERSAL ","20%",IF(M32="MISIONAL ","80%","0%")) -> 20% | P32: =+VLOOKUP(_xlfn.CONCAT(M32,N32),DINÁMICA!$H$5:$K$11,4,0) -> 0.008 | Q32: No | R32: N/A | AA32: =VLOOKUP(F32,'Seguimiento General '!$B$15:$P$65,15,FALSE) -> Supervisión - Transversal
A33: 32 | B33: CUARTA | C33: 4.2.3 | D33: 2 | E33: Transcribir o capturar los datos que le indique la ADRES de los soportes entregados por las entidades recobrantes, contrastarlos contra la información registrada en los medios magnéticos entregados por las entidades recobrantes, generar un reporte con la información transcrita o capturada consistente y certificar los resultados de estas actividades. | F33: CUARTA. Núm.. 4.2.3 - OBE. 2 y 17 | G33: CUANTITATIVO | H33: (Ítems con la completitud de datos capturados / ítems sobre los cuales se solicitó la captura de datos)*Factor de verificación de revisión de calidad | I33: Resultado del indicador según metodología | J33: 1 | K33: De forma aleatoria se extraerán 100 ítems sobre los cuales se validará la calidad de la consistencia de los datos capturados. Cada ítem que cumpla con la calidad de captura de datos tendrá como resultado un 1% del factor de calidad. La captura de datos de cada paquete deberá realizarse al momento en que se entregue el resultado del cierre del respectivo paquete. | L33: SI | M33: MISIONAL | N33: MISIONAL DERIVADA O DE APOYO | O33: =+IF(M33="TRANSVERSAL ","20%",IF(M33="MISIONAL ","80%","0%")) -> 80% | P33: =+VLOOKUP(_xlfn.CONCAT(M33,N33),DINÁMICA!$H$5:$K$11,4,0) -> 0.033333333 | Q33: No | R33: N/A | AA33: =VLOOKUP(F33,'Seguimiento General '!$B$15:$P$65,15,FALSE) -> Supervisión - Técnico
A34: 33 | B34: CUARTA | C34: 4.2.3 | D34: 3 | E34: Efectuar la revisión y verificación de los requisitos que deben cumplir los servicios y tecnologías en salud no financiadas con la UPC que le sean entregadas por la ADRES, conforme con la normatividad vigente y aplicable, el Manual Operativo y de Auditoría y las especificaciones técnicas definidas por la ADRES. En caso de ser requerido por la ADRES, el contratista contactará a los agentes intervinientes en los procesos de prescripción, direccionamiento, prestación, suministro y facturación de los servicios y tecnologías en salud objeto del proceso de revisión y verificación. | F34: CUARTA. Núm.. 4.2.3 - OBE. 3 y 4 | G34: CUANTITATIVO | H34: 1-(Número de observaciones conciliadas y aceptadas por Data Tools / Número de observaciones realizadas por la ADRES en el/los respectivo(s) precierre-sistemas) 1-(Número de comunicaciones gestionadas por Data Tools con los agentes / Número de solicitudes realizadas por la ADRES respecto a los agentes) | I34: Resultado del indicador según metodología | J34: 1 | K34: El indicador debe revisarse al final del cada mes | L34: SI | M34: MISIONAL | N34: MISIONAL PRINCIPAL BAJA | O34: =+IF(M34="TRANSVERSAL ","20%",IF(M34="MISIONAL ","80%","0%")) -> 80% | P34: =+VLOOKUP(_xlfn.CONCAT(M34,N34),DINÁMICA!$H$5:$K$11,4,0) -> 0.05 | Q34: SI | R34: N/A | AA34: =AA33 -> Supervisión - Técnico
A35: 34 | B35: CUARTA | C35: 4.2.3 | D35: 4 | E35: Realizar el proceso de revisión y verificación de los servicios y tecnologías en salud no financiadas con la UPC que le sean entregadas por la ADRES de manera integral, garantizando consistencia, unicidad y coherencia en la aplicación de los criterios de auditoría, en las glosas y validaciones descritas en el Manual Operativo y de Auditoría. | F35: CUARTA. Núm.. 4.2.3 - OBE. 3, 4, 5 y 10 | G35: CUANTITATIVO | H35: Total de paquetes entregados en condiciones de oportunidad y calidad, según instrucción de la ADRES / Total de paquetes que se debían entregar según instrucción | I35: Resultado del indicador según metodología | J35: 1 | K35: Entiéndase paquetes entregados con resultado en condiciones de oportunidad y calidad aquellos a los que no se le aplicaron Acuerdos de Niveles de Servicios | L35: SI | M35: MISIONAL | N35: MISIONAL PRINCIPAL ALTA | O35: =+IF(M35="TRANSVERSAL ","20%",IF(M35="MISIONAL ","80%","0%")) -> 80% | P35: =+VLOOKUP(_xlfn.CONCAT(M35,N35),DINÁMICA!$H$5:$K$11,4,0) -> 0.2 | Q35: SI | R35: N/A | AA35: =VLOOKUP(F35,'Seguimiento General '!$B$15:$P$65,15,FALSE) -> Supervisión - Técnico
A36: 35 | B36: CUARTA | C36: 4.2.3 | D36: 5 | E36: Cumplir con los términos establecidos en los cronogramas que determine la ADRES para la revisión y verificación de los requisitos que deben cumplir los servicios y tecnologías en salud no financiadas con la UPC que le sean entregados por la Entidad. La inobservancia de los términos establecidos activará la aplicación del Acuerdo de Nivel de Servicios. | F36: CUARTA. Núm.. 4.2.3 - OBE. 3, 4, 5 y 10 | G36: VACÍO | H36: N/A | I36: N/A | J36: N/A | K36: Se verifica en la obligación 4.2.3.4 | L36: NO | M36: N/A | N36: N/A | O36: =+IF(M36="TRANSVERSAL ","20%",IF(M36="MISIONAL ","80%","0%")) -> 0% | P36: =+VLOOKUP(_xlfn.CONCAT(M36,N36),DINÁMICA!$H$5:$K$11,4,0) -> 0 | Q36: No | R36: N/A | AA36: =VLOOKUP(F36,'Seguimiento General '!$B$15:$P$65,15,FALSE) -> Supervisión - Técnico
A37: 36 | B37: CUARTA | C37: 4.2.3 | D37: 6 | E37: Certificar, conforme lo solicite la ADRES, los resultados del proceso de revisión y verificación efectuada a los servicios y tecnologías en salud no financiadas con la UPC que le sean entregados. | F37: CUARTA. Núm.. 4.2.2 - OBEA. 6 CUARTA. Núm.. 4.2.3 - OBE. 6 y 11 | G37: VACÍO | H37: N/A | I37: N/A | J37: N/A | K37: Se mide en la obligación 4.2.3.11 | L37: SI | M37: N/A | N37: N/A | O37: =+IF(M37="TRANSVERSAL ","20%",IF(M37="MISIONAL ","80%","0%")) -> 0% | P37: =+VLOOKUP(_xlfn.CONCAT(M37,N37),DINÁMICA!$H$5:$K$11,4,0) -> 0 | Q37: No | R37: N/A | AA37: =VLOOKUP(F37,'Seguimiento General '!$B$15:$P$65,15,FALSE) -> Supervisión - Técnico
A38: 37 | B38: CUARTA | C38: 4.2.3 | D38: 7 | E38: Suministrar la información o apoyo requerido por la ADRES para la atención de acciones judiciales o requerimientos formulados por los organismos de control y otros actores del sistema de salud. | F38: CUARTA. Núm.. 4.2.3 - OBE. 7 | G38: CUANTITATIVO | H38: Número de requerimientos atendidos conforme a las solicitudes realizadas por la ADRES, los organismos de control y otros actores del sistema de salud / Número de requerimientos efectuados | I38: Resultado del indicador según metodología | J38: 1 | L38: SI | M38: TRANSVERSAL | N38: TRANSVERSAL | O38: =+IF(M38="TRANSVERSAL ","20%",IF(M38="MISIONAL ","80%","0%")) -> 20% | P38: =+VLOOKUP(_xlfn.CONCAT(M38,N38),DINÁMICA!$H$5:$K$11,4,0) -> 0.008 | Q38: No | R38: N/A | AA38: =VLOOKUP(F38,'Seguimiento General '!$B$15:$P$65,15,FALSE) -> Supervisión - Jurídica
A39: 38 | B39: CUARTA | C39: 4.2.3 | D39: 8 | E39: Informar de acuerdo con las instrucciones impartidas por la ADRES los resultados del proceso de revisión y verificación a las entidades recobrantes y revisar la retroalimentación que para el efecto estas realicen. El contratista deberá diseñar un tablero de control mediante el cual realice seguimiento al cumplimiento de los cronogramas de trabajo establecidos por la ADRES y que permita evidenciar el progreso diario y semanal de la ejecución de las labores contratadas. | F39: CUARTA. Núm.. 4.2.3 - OBE. 8 | G39: CUANTITATIVO | H39: ((Número de paquetes sobre los que el contratista informó los resultados de la auditoría a las entidades recobrantes / número de paquetes gestionados) * 40%) + ((Número de paquetes con reporte semanal generado por el tablero de control de acuerdo con el PDT del paquete generado por el contratista / Número de paquetes en trámite) * 60%) | I39: Resultado del indicador según metodología | J39: 1 | L39: SI | M39: MISIONAL | N39: MISIONAL DERIVADA O DE APOYO | O39: =+IF(M39="TRANSVERSAL ","20%",IF(M39="MISIONAL ","80%","0%")) -> 80% | P39: =+VLOOKUP(_xlfn.CONCAT(M39,N39),DINÁMICA!$H$5:$K$11,4,0) -> 0.033333333 | Q39: No | R39: N/A | AA39: =VLOOKUP(F39,'Seguimiento General '!$B$15:$P$65,15,FALSE) -> Supervisión - Técnico
A40: 39 | B40: CUARTA | C40: 4.2.3 | D40: 9 | E40: Someter ante el supervisor o interventor o a quien defina la ADRES, los resultados de la revisión y verificación efectuada a los servicios y tecnologías en salud no financiadas con la UPC, para efectos de desarrollar el proceso de calidad. | F40: CUARTA. Núm.. 4.2.3 - OBE. 9 CUARTA. Núm.. 4.2.3 - OBE. 18 | G40: CUANTITATIVO | H40: Número de paquetes presentados al grupo de validación de resultados de auditoría de la ADRES / Número paquetes que deben ser presentados de acuerdo con las instrucciones de la ADRES | I40: Resultado del indicador según metodología | J40: 1 | L40: SI | M40: MISIONAL | N40: MISIONAL PRINCIPAL MEDIA | O40: =+IF(M40="TRANSVERSAL ","20%",IF(M40="MISIONAL ","80%","0%")) -> 80% | P40: =+VLOOKUP(_xlfn.CONCAT(M40,N40),DINÁMICA!$H$5:$K$11,4,0) -> 0.1 | Q40: No | R40: N/A | AA40: =VLOOKUP(F40,'Seguimiento General '!$B$15:$P$65,15,FALSE) -> Supervisión - Tecnológica
A41: 40 | B41: CUARTA | C41: 4.2.3 | D41: 10 | E41: Efectuar las verificaciones, revisiones y ajustes a que haya lugar conforme a los resultados del proceso de calidad que adelante el supervisor o interventor o quien defina la ADRES. En el evento de no superar el proceso de calidad, deberá realizar, cuantas veces sea necesario, las revisiones y verificaciones a que haya lugar a la totalidad de los servicios y tecnologías hasta tanto se cuente con un resultado favorable o se aplique lo previsto en la Nota No. 2 del acápite denominado “Acuerdo de Nivel de Servicios” previsto en el presente contrato. | F41: CUARTA. Núm.. 4.2.3 - OBE. 5 y 10 | G41: CUANTITATIVO | H41: 1-(Número de observaciones conciliadas y aceptadas por Data Tools / Número de observaciones realizadas por la ADRES en el respectivo paquete - muestra) | I41: Resultado del indicador según metodología | J41: 1 | K41: El indicador debe revisarse al final del cada mes | L41: SI | M41: MISIONAL | N41: MISIONAL PRINCIPAL BAJA | O41: =+IF(M41="TRANSVERSAL ","20%",IF(M41="MISIONAL ","80%","0%")) -> 80% | P41: =+VLOOKUP(_xlfn.CONCAT(M41,N41),DINÁMICA!$H$5:$K$11,4,0) -> 0.05 | Q41: SI | R41: N/A | AA41: =VLOOKUP(F41,'Seguimiento General '!$B$15:$P$65,15,FALSE) -> Supervisión - Técnico
A42: 41 | B42: CUARTA | C42: 4.2.3 | D42: 11 | E42: Certificar una vez se cuente con el aval del supervisor o interventor o quien defina la ADRES los resultados definitivos del proceso de revisión y verificación de los servicios y tecnologías no financiados con la UPC para que se continúe con las demás etapas previstas en el Manual Operativo y de Auditoría. Lo anterior, sin perjuicio de la aplicación del Acuerdo de Nivel de Servicios previstos en el presente contrato. La certificación deberá acompañarse de los reportes que le permitan a la ADRES informar a las entidades recobrantes los resultados del proceso objeto del contrato. | F42: CUARTA. Núm.. 4.2.2 - OBEA. 6 CUARTA. Núm.. 4.2.3 - OBE. 6 y 11 | G42: CUANTITATIVO | H42: Número de paquetes con trámite completo / número de paquetes entregados por ADRES según cronograma | I42: Resultado del indicador según metodología | J42: 1 | K42: Se entiende como trámite completo: Ajustes, cierre definitivo del paquete y notificación de resultados. Nota: El cronograma debe atender las reprogramaciones realizadas entre las partes. | L42: SI | M42: MISIONAL | N42: MISIONAL PRINCIPAL MEDIA | O42: =+IF(M42="TRANSVERSAL ","20%",IF(M42="MISIONAL ","80%","0%")) -> 80% | P42: =+VLOOKUP(_xlfn.CONCAT(M42,N42),DINÁMICA!$H$5:$K$11,4,0) -> 0.1 | Q42: No | R42: N/A | AA42: =VLOOKUP(F42,'Seguimiento General '!$B$15:$P$65,15,FALSE) -> Supervisión - Técnico
A43: 42 | B43: CUARTA | C43: 4.2.3 | D43: 12 | E43: Definir, documentar, adoptar e implementar dentro de los treinta (30) días calendario siguientes a la suscripción del acta de inicio del contrato los planes de contingencia operativa y tecnológica y el plan de continuidad de negocio, que le permita asegurar la disponibilidad y continuidad de sus procesos, de los recursos tecnológicos y del sistema de información sobre el cual se soporta el proceso. Estos planes como su implementación deberán estar a disposición del supervisor y/o interventor para la respectiva verificación y control. | F43: CUARTA. Núm.. 4.2.3 - OBE. 12 | G43: CUALITATIVO | H43: Plan de Contingencia acompañado de certificación del Director de Tecnología del contratista respecto de la definición, documentación, adopción e implementación del plan de contingencia operativa y tecnológica y del plan de continuidad de negocio. | I43: Planes de contingencia operativa y tecnológica y el plan de continuidad de negocio | J43: 1 | K43: Sin excepción, durante la ejecución del contrato, los planes como su implementación deberán estar a disposición del supervisor y/o interventor para la respectiva verificación y control.. | L43: SI | M43: MISIONAL | N43: MISIONAL DERIVADA O DE APOYO | O43: =+IF(M43="TRANSVERSAL ","20%",IF(M43="MISIONAL ","80%","0%")) -> 80% | P43: =+VLOOKUP(_xlfn.CONCAT(M43,N43),DINÁMICA!$H$5:$K$11,4,0) -> 0.033333333 | Q43: No | R43: N/A | AA43: =VLOOKUP(F43,'Seguimiento General '!$B$15:$P$65,15,FALSE) -> Supervisión - Transversal
A44: 43 | B44: CUARTA | C44: 4.2.3 | D44: 13 | E44: Elaborar y presentar al supervisor y/o interventor del contrato los planes de contingencia que le sean requeridos para superar estados de atraso o mora. Dichos planes deberán ser presentados dentro de los tres (03) días hábiles siguientes al requerimiento efectuado por el supervisor y/o interventor y las labores a ejecutar no deberán superar el término de quince (15) días calendario. Lo anterior, sin perjuicio de la aplicación del Acuerdo de Nivel de Servicios previstos en el estudio previo. | F44: CUARTA. Núm.. 4.2.3 - OBE. 13 | G44: CUALITATIVO | H44: CUANDO NO EXISTAN REQUERIMIENTOS POR PARTE DEL SUPERVISOR (cualitativo) Certificación del Director de Control Interno de los planes de contingencia operativa y tecnológica y el plan de continuidad de negocio, que le permita asegurar la disponibilidad y continuidad de sus procesos, de los recursos tecnológicos y del sistema de información sobre el cual se soporta el proceso. CUANDO EXISTAN REQUERIMIENTOS POR PARTE DEL SUPERVISOR (cuantitativo) (Cantidad de planes de mejora presentados en oportunidad y segùn las condociones de la obligación/ Cantidad de planes de mejora requeridos) *100 | I44: Cumple | J44: 1 | K44: Sin excepción, durante la ejecución del contrato, los planes como su implementación deberán estar a disposición del supervisor y/o interventor para la respectiva verificación y control.. | L44: SI | M44: MISIONAL | N44: MISIONAL DERIVADA O DE APOYO | O44: =+IF(M44="TRANSVERSAL ","20%",IF(M44="MISIONAL ","80%","0%")) -> 80% | P44: =+VLOOKUP(_xlfn.CONCAT(M44,N44),DINÁMICA!$H$5:$K$11,4,0) -> 0.033333333 | Q44: No | R44: N/A | AA44: =VLOOKUP(F44,'Seguimiento General '!$B$15:$P$65,15,FALSE) -> Supervisión - Transversal
A45: 44 | B45: CUARTA | C45: 4.2.3 | D45: 14 | E45: Disponer y mantener la infraestructura física, administrativa, técnica, tecnológica, logística y operativa que sea necesarias para generar con oportunidad y calidad los resultados del proceso de revisión y verificación a los servicios y tecnologías en salud no financiadas con la UPC que le fueron entregados por la ADRES. | F45: TERCERA. Num.3.2 CUARTA. Núm.. 4.2.3 - OBE. 14 | G45: CUANTITATIVO | H45: Promedio ponderado de listado de requerimientos de tecnología establecidos en la Cláusula Tercera, numeral 3.2 (Ver Hoja "4.2.3.14 y 3.2 Infraestructuras") | I45: Combinación de variables cuantitativas y cualitativas | J45: 1 | M45: TRANSVERSAL | N45: TRANSVERSAL | O45: =+IF(M45="TRANSVERSAL ","20%",IF(M45="MISIONAL ","80%","0%")) -> 20% | P45: =+VLOOKUP(_xlfn.CONCAT(M45,N45),DINÁMICA!$H$5:$K$11,4,0) -> 0.008 | Q45: No | R45: N/A | AA45: =VLOOKUP(F45,'Seguimiento General '!$B$15:$P$65,15,FALSE) -> Supervisión - Tecnológica
A46: 45 | B46: CUARTA | C46: 4.2.3 | D46: 15 | E46: Mantener durante la ejecución del contrato la disponibilidad del talento humano, conformado por el Equipo Directivo y todo aquel requerido para la ejecución del contrato. Para la contratación de las personas naturales se deberá cumplir con las siguientes reglas: a) Las personas presentadas para la firma del contrato no podrán ser retiradas durante la ejecución del contrato sin aviso previo a la ADRES. En el evento de ser necesario el cambio de este personal, el Contratista deberá garantizar que el nuevo personal cumple con el perfil mínimo y los requisitos contenidos en el contrato; en todo caso la ADRES se reservará el derecho de aceptar o no a los candidatos que en este último caso se propongan. De igual manera, la ADRES, de considerarlo necesario, durante la ejecución del contrato, podrá solicitar el reemplazo de cualquier integrante que haga parte del equipo de trabajo. El reemplazo del personal deberá realizarse en un término máximo de un mes (1) siguiente al retiro del personal inicialmente presentado. En el evento de limitación de la oferta del personal requerido en el mercado laboral, acreditado lo pertinente, el contratista deberá suplir la falencia con personal que pueda adelantar las labores correspondientes, previo aval del supervisor o interventor del contrato. b) Los contratos del personal que preste los servicios al contratista y cuyo objeto contractual esté relacionado con el desarrollo de actividades de revisión y verificación a los servicios y tecnologías en salud no financiadas con la UPC, deberán incluir la obligación de no prestar servicios relacionados directamente con las labores de su contrato a un tercero (EPS, IPS, intermediarios, operadores, entes de control o cualquier otro interesado en los resultados del proceso de revisión y verificación a los servicios y tecnologías en salud no financiadas con la UPC) de manera simultánea a su vinculación con el Contratista. Para el personal que ocupe los cargos del Equipo Directivo presentados, aplica esta condición hasta por el término de seis (6) meses, posteriores a la finalización de su vinculación con el Contratista. La misma restricción se dará para las personas que sigan vinculadas con el contratista durante el periodo de liquidación del contrato, entendiéndose que el término de seis (6) meses del que trata este numeral se contará desde la liquidación del contrato con la ADRES. c) Establecer mecanismos idóneos para que el personal que se vincule a la ejecución del contrato no se encuentre incurso en conflictos de interés o causales de inhabilidad o incompatibilidad, según lo previsto en el artículo 11 de la Ley 1437 de 2011 y el artículo 8 de la ley 80 de 1993. El Contratista deberá implementar, entre otros mecanismos, la inclusión de una cláusula en los contratos de vinculación de su personal, en la que se estipule la obligación de declarar expresamente y desde el inicio de la ejecución la condición de no estar incursos en dichas circunstancias. En caso de verificarse durante la ejecución del respectivo contrato que el personal de EL CONTRATISTA se encuentra incurso en un conflicto de interés, deberá informarse inmediatamente a la ADRES y al supervisor o interventor del contrato, indicando las medidas adoptadas para evitar afectación de la transparencia y objetividad que deben primar en todo momento en desarrollo del proceso de revisión y verificación a los servicios y tecnologías en salud no financiadas con la UPC que le fueron entregados por la ADRES, conforme a lo establecido en el inciso segundo del Subnumeral 3 numeral 3 “Conflicto de interés para realizar procesos de revisión y verificación a cuentas específicas” de la Cláusula Vigésima Novena de este contrato. d) Con el fin de preservar la información derivada de la ejecución del contrato, se deberá incluir en los contratos que celebre el contratista para la vinculación del Equipo de Trabajo del contrato, una cláusula de confidencialidad, en la cual, de manera expresa, se obligue al personal y contratistas a mantener la reserva y confidencialidad de toda la información que le sea suministrada, que administre o a la que tenga acceso en desarrollo del objeto contractual o de los servicios prestados, así como a abstenerse de utilizarla indebidamente. e) Incluir en los contratos de prestación de servicios o laborales que suscriba con el personal vinculado para el cumplimiento de las obligaciones del presente contrato, una cláusula de prevención a los conflictos de interés, mediante la cual su personal se obligue a informar de forma inmediata y oportuna los hechos o condiciones que puedan llegar a constituir conflicto de interés, teniendo como referencia lo establecido en la cláusula Vigésima Novena de este contrato. f) El personal dependerá administrativa y financieramente del Contratista y no tendrá vínculo laboral con la ADRES. | F46: CUARTA. Núm.. 4.2.3 - OBE. 15, a), b), c), d), e) y f) | G46: CUANTITATIVO | H46: Promedio ponderado de listado del resultado de medición de la parte de personal. Ver Hoja "2.4.3.15 Personal" | I46: Resultado del indicador según metodología | J46: 1 | K46: Según Oficio 46310 del 03-07-2020 | L46: SI | M46: TRANSVERSAL | N46: TRANSVERSAL | O46: =+IF(M46="TRANSVERSAL ","20%",IF(M46="MISIONAL ","80%","0%")) -> 20% | P46: =+VLOOKUP(_xlfn.CONCAT(M46,N46),DINÁMICA!$H$5:$K$11,4,0) -> 0.008 | Q46: No | R46: N/A | AA46: =VLOOKUP(F46,'Seguimiento General '!$B$15:$P$65,15,FALSE) -> Supervisión - Transversal
A47: 52 | B47: CUARTA | C47: 4.2.3 | D47: 16 | E47: Informar a la ADRES y al supervisor del contrato los conflictos de interés en que se puedan ver incursos tanto el contratista como su capital humano, durante ejecución del contrato y conforme a las condiciones definidas en el numeral 3 de la cláusula Vigésima Novena “Conflicto de interés para realizar procesos de revisión y verificación a cuentas específicas” del presente contrato. | F47: CUARTA. Núm.. 4.2.3 - OBE. 15, c) y e) CUARTA. Núm.. 4.2.3 - OBE. 16 VIGÉSIMA NOVENA Núm.. 5 | G47: VACÍO | H47: N/A | I47: N/A | J47: N/A | K47: Se mide en otras obligaciones contractuales | L47: NO | M47: N/A | N47: N/A | O47: =+IF(M47="TRANSVERSAL ","20%",IF(M47="MISIONAL ","80%","0%")) -> 0% | P47: =+VLOOKUP(_xlfn.CONCAT(M47,N47),DINÁMICA!$H$5:$K$11,4,0) -> 0 | Q47: No | R47: N/A | AA47: =VLOOKUP(F47,'Seguimiento General '!$B$15:$P$65,15,FALSE) -> Supervisión - Jurídica
A48: 53 | B48: CUARTA | C48: 4.2.3 | D48: 17 | E48: Atender las instrucciones que la ADRES imparta respecto del proceso de revisión y verificación a los servicios y tecnologías en salud no financiadas con la UPC que le fueron entregados por la Entidad. | F48: CUARTA. Núm.. 4.2.3 - OBE. 2 y 17 | G48: VACÍO | H48: N/A | I48: Resultado del indicador según metodología | J48: 1 | K48: Se verifica en la obligación 4.2.3.4 | L48: NO | M48: N/A | N48: N/A | O48: =+IF(M48="TRANSVERSAL ","20%",IF(M48="MISIONAL ","80%","0%")) -> 0% | P48: =+VLOOKUP(_xlfn.CONCAT(M48,N48),DINÁMICA!$H$5:$K$11,4,0) -> 0 | Q48: No | R48: N/A | AA48: =VLOOKUP(F48,'Seguimiento General '!$B$15:$P$65,15,FALSE) -> Supervisión - Técnico
A49: 54 | B49: CUARTA | C49: 4.2.3 | D49: 18 | E49: Realizar reportes de los avances del proceso y de los resultados de la revisión y verificación a los servicios y tecnologías en salud no financiadas con la UPC que le fueron entregados por la ADRES, con la periodicidad que la Entidad, el supervisor y/o interventor del contrato le indique(n). El contratista dará acceso al supervisor o interventor o a quien la ADRES defina al sistema de información que soporte el proceso objeto del contrato con el propósito de monitorear en tiempo real los avances del proceso y el cumplimiento de los cronogramas establecidos. | F49: CUARTA. Núm.. 4.2.3 - OBE. 9 CUARTA. Núm.. 4.2.3 - OBE. 18 | G49: CUANTITATIVO | H49: (Número de reportes suministrados a la ADRES de los avances del proceso y de los resultados de la revisión y verificación entregados por la ADRES / Número de reportes de los avances del proceso y de los resultados de la revisión y verificación requeridos por la ADRES) * (Número de accesos otorgados a quien defina la ADRES al sistema de información para monitorear en tiempo real los avances del proceso de revisión y verificación / Número de accesos solicitados por la ADRES) | I49: Resultado del indicador según metodología | J49: 1 | L49: SI | M49: MISIONAL | N49: MISIONAL DERIVADA O DE APOYO | O49: =+IF(M49="TRANSVERSAL ","20%",IF(M49="MISIONAL ","80%","0%")) -> 80% | P49: =+VLOOKUP(_xlfn.CONCAT(M49,N49),DINÁMICA!$H$5:$K$11,4,0) -> 0.033333333 | Q49: No | R49: N/A | AA49: =VLOOKUP(F49,'Seguimiento General '!$B$15:$P$65,15,FALSE) -> Supervisión - Tecnológica
A50: 55 | B50: CUARTA | C50: 4.2.3 | D50: 19 | E50: Presentar un Informe Mensual de Gestión, a más tardar dentro de los ocho (8) primeros días hábiles del mes siguiente al que se evalúa, y uno al finalizar la ejecución del contrato, a más tardar dentro de los quince (15) días hábiles siguientes a la misma. La estructura de los contenidos del Informe Mensual de Gestión será definida por la ADRES. La estructura del Informe Final, en principio, podrá ser la misma utilizada para la presentación del informe mensual, solo que consolidará la información de la totalidad del periodo de ejecución del contrato. | F50: CUARTA. Núm.. 4.1 - OBG. 8 CUARTA. Núm.. 4.2.3 - OBE. 19 | G50: CUANTITATIVO | H50: (Número de informes presentados/8) * (Número de informes presentados en oportunidad/8) | I50: Resultado del indicador según metodología | J50: 1 | K50: Los 8 informes se discriminan así: (i) el informe de la etapa de alistamiento, (ii) 6 informes mensuales y (iii) informe final. | L50: SI | M50: TRANSVERSAL | N50: TRANSVERSAL | O50: =+IF(M50="TRANSVERSAL ","20%",IF(M50="MISIONAL ","80%","0%")) -> 20% | P50: =+VLOOKUP(_xlfn.CONCAT(M50,N50),DINÁMICA!$H$5:$K$11,4,0) -> 0.008 | Q50: No | R50: N/A | AA50: =VLOOKUP(F50,'Seguimiento General '!$B$15:$P$65,15,FALSE) -> Supervisión - Transversal
A51: 56 | B51: CUARTA | C51: 4.2.3 | D51: 20 | E51: Elaborar y presentar a la ADRES, dentro de los diez (10) días hábiles siguientes a la suscripción del acta de inicio del contrato, propuesta de metodología de evaluación de las obligaciones del contrato, para aprobación de la Entidad. De no llegarse a un acuerdo entre las partes dentro de los diez (10) días siguientes a su presentación o no presentarse en la debida oportunidad por parte del contratista, la metodología será adoptada por la ADRES. | F51: CUARTA. Núm.. 4.2.3 - OBE. 20 | G51: CUALITATIVO | H51: Presentación e implementación de la Metodología de Evaluación de Obligaciones Contractuales | I51: Cumple | J51: 1 | L51: SOLO SI SE REQUIERE | M51: TRANSVERSAL | N51: TRANSVERSAL | O51: =+IF(M51="TRANSVERSAL ","20%",IF(M51="MISIONAL ","80%","0%")) -> 20% | P51: =+VLOOKUP(_xlfn.CONCAT(M51,N51),DINÁMICA!$H$5:$K$11,4,0) -> 0.008 | Q51: No | R51: N/A | AA51: =VLOOKUP(F51,'Seguimiento General '!$B$15:$P$65,15,FALSE) -> Supervisión - Transversal
A52: 57 | B52: CUARTA | C52: 4.2.3 | D52: 21 | E52: Recomendar, sin perjuicio que el Manual Operativo y de Auditoria es elaborado y adoptado por la ADRES, ajustes que permitan la optimización del proceso de revisión y verificación a los servicios y tecnologías en salud no financiadas con la UPC. | F52: Responsabilidad | G52: VACÍO | H52: N/A | I52: N/A | J52: N/A | K52: Se mide en otras obligaciones contractuales | L52: NO | M52: N/A | N52: N/A | O52: =+IF(M52="TRANSVERSAL ","20%",IF(M52="MISIONAL ","80%","0%")) -> 0% | P52: =+VLOOKUP(_xlfn.CONCAT(M52,N52),DINÁMICA!$H$5:$K$11,4,0) -> 0 | Q52: No | R52: N/A | AA52: =AA14 -> Supervisión - Jurídica
A53: 58 | B53: CUARTA | C53: 4.2.3 | D53: 22 | E53: Gestionar las comunicaciones que le sean presentadas por las entidades recobrantes, entidades de inspección, vigilancia, control e investigación y demás agentes del Sistema General de Seguridad Social en Salud, e informar a la ADRES sobre las mismas. | F53: CUARTA. Núm.. 4.2.3 - OBE. 22 | G53: CUANTITATIVO | H53: Cantidad de respuestas emitidas / Cantidad de comunicaciones recibidas de las entidades recobrantes, de ICVI y demás agentes del SGSSS | I53: Resultado del indicador según metodología | J53: 1 | K53: =K23 -> Se entiende por gestionar, reportar al grupo supervisor todas las comunicaciones que se generan. Para la medición de esta obligación el contratista deberá presentar, junto con el informe de gestión mensual, la relación de comunicaciones gestionadas durante el periodo objeto de reporte, incluyendo el asunto y fecha de generación, así como el número de radicado cuando se trate de comunicaciones distintas a las enviadas por correo electrónico. | L53: SI | M53: TRANSVERSAL | N53: TRANSVERSAL | O53: =+IF(M53="TRANSVERSAL ","20%",IF(M53="MISIONAL ","80%","0%")) -> 20% | P53: =+VLOOKUP(_xlfn.CONCAT(M53,N53),DINÁMICA!$H$5:$K$11,4,0) -> 0.008 | Q53: No | R53: N/A | AA53: =VLOOKUP(F53,'Seguimiento General '!$B$15:$P$65,15,FALSE) -> Supervisión - Jurídica
A54: 59 | B54: CUARTA | C54: 4.2.3 | D54: 23 | E54: Realizar el registro de los derechos patrimoniales sobre el sistema de información o Software que sea utilizado para la prestación del servicio dentro de los dos (2) meses siguientes a la suscripción del acta de inicio, incluyendo modificaciones, mejoras y cualquier ajuste sujeto a registro ante la Dirección Nacional de Derechos de Autor. Es este mismo sentido deberá mantener indemne a la ADRES sobre cualquier reclamación o proceso que se relacione con los derechos de propiedad y utilización del sistema de información o software que sea usado para la prestación del servicio. | F54: CUARTA. Núm.. 4.2.3 - OBE. 23 | G54: CUALITATIVO | H54: Entrega oportuna (hasta el 23 de agosto de 2020) al ordenador del gasto de la ADRES con copia al Grupo Supervisor, del Certificado de Registro de los derechos patrimoniales del sistema de información o Software utilizado para la prestación del servicio, incluyendo modificaciones, mejoras y cualquier ajuste sujeto a registro ante la Dirección Nacional de Derechos de Autor. | I54: El contratista debe informar acerca del estado de avance de las gestiones adelantadas para dar cumplimiento a esta obligación dentro del plazo establecido y los términos en los que se efectúa el registro para mantener indemne a la ADRES sobre cualquier reclamación o proceso que se relacione con los derechos de propiedad y utilización del sistema de información o software que sea usado para la prestación del servicio. | J54: 1 | K54: El plazo de esta obligación se cumple el 23 de agosto del 2020. Las condiciones general del trámite están descritas en el siguiente enlace http://derechodeautor.gov.co/software | L54: NO | M54: TRANSVERSAL | N54: TRANSVERSAL | O54: =+IF(M54="TRANSVERSAL ","20%",IF(M54="MISIONAL ","80%","0%")) -> 20% | P54: =+VLOOKUP(_xlfn.CONCAT(M54,N54),DINÁMICA!$H$5:$K$11,4,0) -> 0.008 | Q54: No | R54: N/A | AA54: =VLOOKUP(F54,'Seguimiento General '!$B$15:$P$65,15,FALSE) -> Supervisión - Jurídica
A55: 60 | B55: CUARTA | C55: 4.2.3 | D55: 24 | E55: Licenciar a la ADRES el uso del sistema de información o Software, que utilice para la prestación del servicio, de manera irrestricta, irrevocable e indefinida, dentro de los dos (2) meses siguientes a la terminación del plazo de ejecución del contrato. Dentro del mismo término de dos (2) meses el Contratista deberá realizar la instalación, configuración y puesta en operación del sistema de información en la plataforma tecnológica de ADRES para su uso y aprovechamiento, desarrollar las actividades de transferencia de conocimiento al equipo de técnico para las labores de soporte en la operación y prestar asistencia técnica durante la ejecución del contrato para orientar a la ADRES en el mejoramiento y operación del sistema. Para su ejecución, deberá seguirse el plan de trabajo que defina ADRES. En el evento que se requiera utilización del software o sistema de información por parte de la ADRES, conforme a lo establecido en la Cláusula Vigésima Novena; el numeral 5 del Numeral 4.2.3. de la Cláusula Cuarta y la nota 3 del numeral 9.2. de la Cláusula Novena, el licenciamiento e instalación a la que se refiere la presente obligación deberá realizarse dentro de los diez (10) días hábiles siguientes al requerimiento que realice la ADRES. Si la utilización del software o sistema de información se requiere antes del respectivo registro en la Dirección Nacional de Derechos de Autor, bastará con una autorización por escrito por parte del contratista y la respectiva instalación, sin perjuicio de que el licenciamiento se realice una vez se encuentre debidamente registrado el software o sistema de información en la Dirección Nacional de Derechos de Autor | F55: CUARTA. Núm.. 4.2.3 - OBE. 24 | G55: CUANTITATIVO | H55: EN EL EVENTO EN QUE NO SE REQUIERA CONTAR CON EL USO DEL SOFTWARE POR PARTE DE LA ADRES: (Número de actividades de transferencia de conocimiento realizadas / Número de actividades de transferencia de conocimiento acordadas con la ADRES) * (Número de asistencias técnicas prestadas para orientar en el mejoramiento y operación del sistema / Número de asistencias técnicas acordadas) EN EL EVENTO EN QUE SE REQUIERA CONTAR CON EL USO DEL SOFTWARE POR PARTE DE LA ADRES: ((Número de actividades de transferencia de conocimiento realizadas / Número de actividades de transferencia de conocimiento acordadas con la ADRES) * (Número de asistencias técnicas prestadas para orientar en el mejoramiento y operación del sistema / Número de asistencias técnicas acordadas) * 40%) + ((Número de licencias o autorizaciones de uso instaladas / Número de licencias solicitadas) * 50%) + (Cumplimiento de los plazos otorgados para la realización de la gestión de licenciamiento e instalación * 10%) | I55: Cumple | J55: 1 | K55: El inciso primero de esta obligación se evaluará en la fase de liquidación del contrato. Por lo tanto los criterios de medición que se plantean están dados solo para la parte que comprende la fase de ejecución. Debe entenderse por transferencia de conocimiento (TC), el conjunto de actividades dirigidas a la difusión de conocimientos, experiencia y habilidades con el fin de facilitar el uso, la aplicación y la explotación del Software. Se realiza a través de la disposición de los manuales y demás herramientas que permitan la adecuada operación del sistema, así como jornadas de capacitación en el uso | M55: TRANSVERSAL | N55: TRANSVERSAL | O55: =+IF(M55="TRANSVERSAL ","20%",IF(M55="MISIONAL ","80%","0%")) -> 20% | P55: =+VLOOKUP(_xlfn.CONCAT(M55,N55),DINÁMICA!$H$5:$K$11,4,0) -> 0.008 | Q55: No | R55: N/A | AA55: =VLOOKUP(F55,'Seguimiento General '!$B$15:$P$65,15,FALSE) -> Supervisión - Transversal
P56: =SUM(P2:P55) -> 1

Sheet 4.2.3.14 y 3.2 Infraestructuras
B2: 4.2.3.14 y 3.2 Infraestructuras
B4: Requisito Contractual NOMBRE DE LA TAREA/ ACTIVIDAD | C4: Requisito Contractual CLÁUSULA | D4: ETAPA CONTRACTUAL | E4: CUANTIFICABLE/ CUALITATIVO | F4: Forma de medición o entregable | G4: CRITERIO | H4: MEDICIÓN | I4: OBSERVACIÓN | J4: ¿Debe revisarse nuevamente? | K4: Criterio a evaluar | L4: Puntaje máximo criterio a evaluar | M4: SUPERVISIÓN | N4: Filas Seguimiento
B5: Componente tecnológico
B6: Contar con un canal dedicado de internet de las características reseñadas en el presente numeral, esto es bidireccional y con un ancho de banda mínimo de 128 megabytes. | C6: TERCERA. Num.3.2 | D6: 4. Ejecución | E6: CUANTITATIVO | F6: ((Certificación del trámite del Canal dedicado de Comunicaciones) * (33%))+( (Oportunidad en la instalación) * (33%)) + ((Entrada en operación) * (34%)) | G6: Resultado del indicador según metodología | H6: 1 | I6: Certificación del trámite del canal dedicado de comunicaciones, entregada en Acta de inicio suscrita el 23/06/2020, publicada en el SECOP II | J6: SI | M6: =+M8 -> 0 | N6: 1
B7: El sistema de información debe tener los mecanismos y capacidades para recibir registros de los servicios y tecnologías en salud no financiadas con la UPC y entregar los resultados del proceso de revisión y verificación de acuerdo con los protocolos de intercambio establecidos con ADRES y ser compatible con el Motor de Bases de Datos SQL SERVER 2012 y, además: | C7: TERCERA. Num.3.2 | D7: 4. Ejecución
B8: a) Incorporar la información histórica de las cuentas de servicios y tecnologías en salud no financiadas con la UPC glosadas por FOSYGA/ADRES compuesta por la información de las bases de datos y las imágenes de los soportes. | C8: TERCERA. Num.3.2 | D8: 4. Ejecución | E8: CUANTITATIVO | F8: (No. de Cargas Realizadas de la Totalidad de las Tablas suministradas por la ADRES asociadas a Paquetes de Recobros / No. de Cargas Solicitadas por la ADRES con la Totalidad de las Tablas asociadas a Paquetes de Recobros) * 100 | G8: Resultado del indicador según metodología | H8: 1 | I8: Conforme lo establecido en el Protocolo de Interoperabilidad, el Contratista debe verificar, confirmar la recepción y conformidad de la información suministrada en las tablas | J8: SI
B9: b) Permitir la visualización de las imágenes o archivos digitales de los soportes (visor de imágenes) en formatos.tiff y PDF. | C9: TERCERA. Num.3.2 | D9: 4. Ejecución | E9: CUALITATIVO | F9: Pantallazos que para cualquier consulta evidencien la operabilidad del visor de imágenes. | G9: Cumple | H9: 1 | J9: SI
B10: c) Recibir los resultados de las validaciones que ejecute la ADRES a través de cargues masivo | C10: TERCERA. Num.3.2 | D10: 4. Ejecución | E10: CUANTITATIVO | F10: (No. de Validaciones Aplicadas a través de Cargues Masivos con los Resultados de las Validaciones Ejecutadas por la ADRES / No. de Recibo de Validaciones Ejecutadas por la ADRES) * 100 | G10: Resultado del indicador según metodología | H10: 1 | I10: Las validaciones pueden ser sujeto de modificaciones, producto de cambios de norma y en función de la línea de trabajo (MYT-01, MYT-02, MYT-04, GT y APF) | J10: SI
B11: d) Registrar las operaciones que realiza el personal que revisa los ítems de los servicios y tecnologías NO UPC. | C11: TERCERA. Num.3.2 | D11: 4. Ejecución | E11: CUALITATIVO | F11: Suministro de evidencias de la implementación de la política de seguridad de la información asociada a los Log de Transacciones que hacen parte del sistema de información con el que opera la revisión y verificación de ítems de servicios y tecnologías en salud no financiadas con la UPC | G11: Cumple | H11: 1 | I11: Sin excepción, durante la ejecución del contrato, el log de transacciones debe permanecer activo, así como debe hacer parte del backup interno del Contratista. | J11: SI
B12: e) Tener controles que permitan asegurar la calidad, completitud y consistencia del registro de información y las funcionalidades que soporten el proceso de control de calidad para la entrega de los resultados a ADRES. | C12: TERCERA. Num.3.2 | D12: 4. Ejecución | E12: CUANTITATIVO | F12: (Número de controles que operan para asegurar la calidad, completitud y consistencia del registro de información / Número de controles establecidos para asegurar la calidad, completitud y consistencia del registro de información) * (No. de funcionalidades operando que soportan el proceso de control de calidad para la entrega de los resultados a la ADRES / No. de funcionalidades establecidas para soportar el proceso de control de calidad para la entrega de los resultados a la ADRES) * 100 | G12: Resultado del indicador según metodología | H12: 1 | I12: Los controles y las funcionalidades pueden ser sujeto de modificación o nuevos requerimientos de desarrollo o modificación de software, en función de cambios de norma que susciten durante la ejecución del contrato. | J12: SI
B13: f) Guardar la traza de quienes intervienen en el proceso. | C13: TERCERA. Num.3.2 | D13: 4. Ejecución | E13: CUALITATIVO | F13: Suministro de evidencias de la implementación de la política de seguridad de la información asociada a los Log de Transacciones que hacen parte del sistema de información con el que opera la revisión y verificación de ítems de servicios y tecnologías en salud no financiadas con la UPC | G13: Cumple | H13: 1 | I13: Sin excepción, durante la ejecución del contrato, el log de transacciones debe permanecer activo, así como debe hacer parte del backup interno del Contratista. | J13: SI
B14: g) Generar alertas ante la ausencia del registro de datos durante la operación (control de gestión de los usuarios) | C14: TERCERA. Num.3.2 | D14: 4. Ejecución | E14: CUALITATIVO | F14: Registro de la evidencia de que el sistema de información genera alertas ante un intento de modificación de datos durante la operación (control de gestión de los usuarios) | G14: Cumple | H14: 1 | I14: Sin excepción, durante la ejecución del contrato, el sistema de información debe impedir el cargue o modificación de los datos mediante mecanismos diferentes a los que dispone el sistema de información | J14: SI
B15: h) Garantizar la concurrencia de los usuarios. | C15: TERCERA. Num.3.2 | D15: 4. Ejecución | E15: CUALITATIVO | F15: Registro tomado del motor de base de datos donde se evidencie la concurrencia de varios usuarios que estén haciendo uso de una o varias funcionalidades del sistema de información. | G15: Cumple | H15: 1 | J15: SI
B16: i) Brindar la capacidad de facilitar la implementación de teletrabajo o alternativas que garanticen la continuidad del servicio bajo circunstancias excepcionales. | C16: TERCERA. Num.3.2 | D16: 4. Ejecución | E16: CUANTITATIVO | F16: (Cantidad de licencias para acceso remoto operadas por el personal autorizado para laborar con dicha herramienta / Número de usuarios habilitados para trabajar por turnos) * 100 | G16: Resultado del indicador según metodología | H16: 1 | J16: SI
B17: j) Generar los resultados y reportes, conforme las estructuras establecidas, para cargarlos en el sistema de información de la ADRES. | C17: TERCERA. Num.3.2 | D17: 4. Ejecución | E17: CUANTITATIVO | F17: (Cantidad de entregas de paquetes con los resultados de revisión y verificación conforme las estructuras establecidas / Cantidad de paquetes entregados por la ADRES) * (Cantidad de reportes de los paquetes con los resultados de revisión y verificación conforme las estructuras establecidas / Cantidad de paquetes entregados por la ADRES) * 100 | G17: Resultado del indicador según metodología | H17: 1 | I17: La ADRES debe entregar en oportunidad y en condiciones de calidad la definición de la estructura de datos requeridas. | J17: SI
B18: k) Ser parametrizable de acuerdo a las necesidades del proceso operativo adoptado y el Manual Operativo y de Auditoría a los servicios y tecnologías en salud no financiadas con recursos de la UPC. | C18: TERCERA. Num.3.2 | D18: 4. Ejecución | E18: CUANTITATIVO | F18: (No de parámetros implementados de acuerdo a los requerimientos de la ADRES / No. de parámetros solicitados por la ADRES) * 100 | G18: Resultado del indicador según metodología | H18: 1 | I18: La parametrización puede ser sujeto de modificación o nuevos requerimientos de desarrollo o modificación de software, en función de cambios de norma que susciten durante la ejecución del contrato. | J18: SI
B19: l) Ser adaptable, para lo cual deberá generar los nuevos desarrollos que precise la aplicación tecnológica, de conformidad con las necesidades y/o requerimientos que la ADRES le formule, principalmente los establecidos por norma y los operativos, así como contar con los servicios de mantenimiento correctivo, preventivo, perfectivo y evolutivo a dicho software, a fin de garantizar su óptimo funcionamiento. | C19: TERCERA. Num.3.2 | D19: 4. Ejecución | E19: CUANTITATIVO | F19: (((No . de desarrollos de software implementados / No. de Requerimientos formulados por la ADRES) * 100) *50%) + ((Contar con servicios de mantenimiento) *50%)) | G19: Resultado del indicador según metodología | H19: 1 | J19: SI
B20: El sistema de información con que opere el contratista deberá soportar los procesos de revisión y verificación con los respectivos controles de calidad que impidan ingresar información inconsistente y generen alertas oportunas y suficientes al personal encargado de realizar la revisión y verificación de los requisitos que deben cumplir las cuentas por concepto de servicios y tecnologías en salud no financiados con cargo a la UPC. El proceso de control de calidad para el cierre de los paquetes deberá contar con funcionalidades específicas y con cruces de información para garantizar su consistencia y minimizar la probabilidad de error, tanto en el front-end con en el back-end. | C20: TERCERA. Num.3.2 | D20: 4. Ejecución | E20: CUALITATIVO | F20: El entregable se evidencia por la consistencia de los resultados de cada paquete, con soporte en el concepto de evaluación de calidad emitida por el Grupo de Calidad de la ADRES. | G20: Cumple | H20: 1 | J20: SI
B21: Componentes administrativos y operativos
B22: Disponer y mantener la infraestructura física, administrativa y logística. | C22: CUARTA. Núm.. 4.2.3.14 | D22: 4. Ejecución | E22: CUALITATIVO | F22: Certificación suscrita por el Director de Control Interno del proyecto, en la que conste la disposición y mantenimiento de la física, administrativa y logística. | G22: Cumple | H22: 1 | J22: SI
B23: Disponer y mantener la infraestructura técnica y operativa | C23: CUARTA. Núm.. 4.3.14 | D23: 4. Ejecución | E23: CUALITATIVO | F23: Certificación suscrita por el Gerente General del proyecto, en la que conste la disposición y mantenimiento de la física, administrativa y logística. | G23: Cumple | H23: 1 | J23: SI

Sheet 2.4.3.15 PERSONAL
B2: 4.2.3.15 PERSONAL
B4: Requisito Contractual CLÁUSULA | C4: Consolidación | D4: CUANTIFICABLE/ CUALITATIVO | E4: Forma de medición o entregable | F4: CRITERIO | G4: MEDICIÓN | H4: OBSERVACIÓN | I4: ¿Debe revisarse nuevamente? | J4: Clasificación | K4: Subclasificación | L4: SUPERVISIÓN | M4: Filas Seguimiento
B5: a) Las personas presentadas para la firma del contrato no podrán ser retiradas durante la ejecución del contrato sin aviso previo a la ADRES. En el evento de ser necesario el cambio de este personal, el Contratista deberá garantizar que el nuevo personal cumple con el perfil mínimo y los requisitos contenidos en el contrato; en todo caso la ADRES se reservará el derecho de aceptar o no a los candidatos que en este último caso se propongan. De igual manera, la ADRES, de considerarlo necesario, durante la ejecución del contrato, podrá solicitar el reemplazo de cualquier integrante que haga parte del equipo de trabajo. El reemplazo del personal deberá realizarse en un término máximo de un mes (1) siguiente al retiro del personal inicialmente presentado. En el evento de limitación de la oferta del personal requerido en el mercado laboral, acreditado lo pertinente, el contratista deberá suplir la falencia con personal que pueda adelantar las labores correspondientes, previo aval del supervisor o interventor del contrato. | C5: CUARTA. Núm.. 4.2.3 - OBE. 15, a) | D5: VACÍO | E5: número de certificaciones trimestrales de suficiencia de personal/2 | F5: Resultado del indicador según metodología | G5: 1 | H5: Según Oficio 46310 del 03-07-2020 | I5: SI | J5: TRANSVERSAL | K5: TRANSVERSAL | L5: Supervisión - Transversal | M5: 45
B6: b) Los contratos del personal que preste los servicios al contratista y cuyo objeto contractual esté relacionado con el desarrollo de actividades de revisión y verificación a los servicios y tecnologías en salud no financiadas con la UPC, deberán incluir la obligación de no prestar servicios relacionados directamente con las labores de su contrato a un tercero (EPS, IPS, intermediarios, operadores, entes de control o cualquier otro interesado en los resultados del proceso de revisión y verificación a los servicios y tecnologías en salud no financiadas con la UPC) de manera simultánea a su vinculación con el Contratista. Para el personal que ocupe los cargos del Equipo Directivo presentados, aplica esta condición hasta por el término de seis (6) meses, posteriores a la finalización de su vinculación con el Contratista. La misma restricción se dará para las personas que sigan vinculadas con el contratista durante el periodo de liquidación del contrato, entendiéndose que el término de seis (6) meses del que trata este numeral se contará desde la liquidación del contrato con la ADRES | C6: CUARTA. Núm.. 4.2.3 - OBE. 15, b) | D6: CUALITATIVO | E6: Certificación suscrita por el representante legal en la que conste la inclusión en los contratos de vinculación de personal de la obligación de no prestar servicios relacionados directamente con las labores de su contrato a un tercero, aportando una muestra de 3 contratos, cuando se presenten nuevas vinculaciones de personal | F6: Cumple/No Cumple | G6: 1 | H6: Cuando se presenten nuevas vinculaciones de personal, el contratista deberá aportar una muestra de 3 contratos que permitan validar el cumplimiento de esta obligación, junto con el informe de gestión. | I6: SI | J6: TRANSVERSAL | K6: TRANSVERSAL | L6: Supervisión - Jurídica | M6: 47
B7: c) Establecer mecanismos idóneos para que el personal que se vincule a la ejecución del contrato no se encuentre incurso en conflictos de interés o causales de inhabilidad o incompatibilidad, según lo previsto en el artículo 11 de la Ley 1437 de 2011 y el artículo 8 de la ley 80 de 1993. El Contratista deberá implementar, entre otros mecanismos, la inclusión de una cláusula en los contratos de vinculación de su personal, en la que se estipule la obligación de declarar expresamente y desde el inicio de la ejecución la condición de no estar incursos en dichas circunstancias. En caso de verificarse durante la ejecución del respectivo contrato que el personal de EL CONTRATISTA se encuentra incurso en un conflicto de interés, deberá informarse inmediatamente a la ADRES y al supervisor o interventor del contrato, indicando las medidas adoptadas para evitar afectación de la transparencia y objetividad que deben primar en todo momento en desarrollo del proceso de revisión y verificación a los servicios y tecnologías en salud no financiadas con la UPC que le fueron entregados por la ADRES, conforme a lo establecido en el inciso segundo del Subnumeral 3 numeral 3 “Conflicto de interés para realizar procesos de revisión y verificación a cuentas específicas” de la Cláusula Vigésima Novena de este contrato. | C7: CUARTA. Núm.. 4.2.3 - OBE. 15, c) y e) CUARTA. Núm.. 4.2.3 - OBE. 16 VIGÉSIMA NOVENA Núm.. 5 | D7: CUALITATIVO | E7: Certificación suscrita por el representante legal (allegada junto con el informe de gestión) en la que conste: i) la inclusión en los contratos de vinculación de su personal de la cláusula en la que se estipula la obligación de declarar expresamente y desde el inicio de la ejecución la condición de no estar incursos en conflictos de interés o causales de inhabilidad o incompatibilidad, aportando una muestra de 3 contratos, cuando se presenten nuevas vinculaciones de personal. ii) si se identificaron o sobrevinieron conflictos de interés o causales de inhabilidad o incompatibilidad durante el periodo objeto del informe de gestión. | F7: Cumple/No Cumple | G7: 1 | H7: Cuando se presenten nuevas vinculaciones de personal, el contratista deberá aportar una muestra de 3 contratos que permitan validar el cumplimiento de esta obligación, junto con el informe de gestión. | I7: SI | J7: TRANSVERSAL | K7: TRANSVERSAL | L7: Supervisión - Jurídica | M7: 48
B8: d) Con el fin de preservar la información derivada de la ejecución del contrato, se deberá incluir en los contratos que celebre el contratista para la vinculación del Equipo de Trabajo del contrato, una cláusula de confidencialidad, en la cual, de manera expresa, se obligue al personal y contratistas a mantener la reserva y confidencialidad de toda la información que le sea suministrada, que administre o a la que tenga acceso en desarrollo del objeto contractual o de los servicios prestados, así como a abstenerse de utilizarla indebidamente. | C8: CUARTA. Núm.. 4.1 - OBG. 11 CUARTA. Núm.. 4.2.3 - OBE. 15, Lit. d) DÉCIMA OCTAVA | D8: CUALITATIVO | E8: Certificación suscrita por el representante legal (allegada junto con el informe de gestión) en la que conste: i) la inclusión en los contratos de vinculación de su personal de la cláusula de confidencialidad, aportando una muestra de 3 contratos, cuando se presenten nuevas vinculaciones de personal. ii) si se detectaron incidentes capaces de afectar o que afectaron la reserva y confidencialidad de la información durante el periodo objeto del informe de gestión. | F8: Cumple/No Cumple | G8: 1 | H8: Cuando se presenten nuevas vinculaciones de personal, el contratista deberá aportar una muestra de 3 contratos que permitan validar el cumplimiento de esta obligación, junto con el informe de gestión. | I8: SI | J8: TRANSVERSAL | K8: TRANSVERSAL | L8: Supervisión - Jurídica | M8: 49
B9: e) Incluir en los contratos de prestación de servicios o laborales que suscriba con el personal vinculado para el cumplimiento de las obligaciones del presente contrato, una cláusula de prevención a los conflictos de interés, mediante la cual su personal se obligue a informar de forma inmediata y oportuna los hechos o condiciones que puedan llegar a constituir conflicto de interés, teniendo como referencia lo establecido en la cláusula Vigésima Novena de este contrato. | C9: CUARTA. Núm.. 4.2.3 - OBE. 15, c) y e) CUARTA. Núm.. 4.2.3 - OBE. 16 VIGÉSIMA NOVENA Núm.. 5 | D9: VACÍO | H9: Se verifica en la 4.2.3.15,C) | J9: TRANSVERSAL | K9: TRANSVERSAL | L9: Supervisión - Jurídica | M9: 50
B10: f) El personal dependerá administrativa y financieramente del Contratista y no tendrá vínculo laboral con la ADRES. | C10: Independencia | D10: VACÍO | E10: N/A | F10: N/A | G10: N/A | H10: Se verifica en obligaciones de personal | I10: NO | J10: TRANSVERSAL | K10: TRANSVERSAL | L10: Supervisión - Transversal | M10: 51

Sheet Evaluación periódica 

Sheet DINÁMICA
A3: Etiquetas de fila | B3: Cuenta de Clasificación | C3: Participación | D3: P. Participación | E3: Peso Obl
A4: MISIONAL | B4: 12 | C4: 0.8
A5: MISIONAL DERIVADA O DE APOYO | B5: 6 | C5: 0.25 | D5: =C5/B5 -> 0.041666667 | E5: =D5*$C$4 -> 0.033333333 | F5: =+E5*B5 -> 0.2 | G5: 1 | H5: MISIONAL MISIONAL DERIVADA O DE APOYO | K5: =+E5 -> 0.033333333
A6: MISIONAL PRINCIPAL MEDIA | B6: 3 | C6: =+(75%/6)*B6 -> 0.375 | D6: =C6/B6 -> 0.125 | E6: =D6*$C$4 -> 0.1 | F6: =+E6*B6 -> 0.3 | G6: 2 | H6: MISIONAL MISIONAL PRINCIPAL MEDIA | K6: =+E6 -> 0.1
A7: MISIONAL PRINCIPAL BAJA | B7: 2 | C7: =((75%/6)*B7)/2 -> 0.125 | D7: =C7/B7 -> 0.0625 | E7: =D7*$C$4 -> 0.05 | F7: =+E7*B7 -> 0.1 | G7: 3 | H7: MISIONAL MISIONAL PRINCIPAL BAJA | K7: =+E7 -> 0.05
A8: MISIONAL PRINCIPAL ALTA | B8: 1 | C8: =+((75%/6)*B8)*2 -> 0.25 | D8: =C8/B8 -> 0.25 | E8: =D8*$C$4 -> 0.2 | F8: =+E8*B8 -> 0.2 | G8: 4 | H8: MISIONAL MISIONAL PRINCIPAL ALTA | K8: =+E8 -> 0.2
A9: TRANSVERSAL | B9: 25 | C9: 0.2 | E9: =+C9/B9 -> 0.008 | G9: 5 | H9: TRANSVERSAL TRANSVERSAL | K9: =+E9 -> 0.008
A10: TRANSVERSAL | B10: 25 | C10: 0.2 | G10: 6 | H10: N/ATRANSVERSAL | K10: 0
A11: N/A | B11: 17 | C11: 0 | G11: 7 | H11: N/AN/A | K11: 0
A12: N/A | B12: 17
A13: Total general | B13: 54 | C13: =C11+C9+C4 -> 1

Sheet Ejemplos de medición
A1: Num | B1: OBL | C1: (Items con la completitud de captura de datos según cronograma / ítems sobre los cuales se solicitó la captura de datos según cronograma)*Factor de verificación de revisión de calidad
A2: 4.2.3 | B2: 2
C3: completitud | D3: 100 | F3: factor de verificación | H3: =+D5*1% -> 0.8
C4: sobre los que deberia revisar | D4: 120
C5: items que cumplieron calidad | D5: 80 | F5: Resultado del indicador | H5: =+(D3/D4)*H3 -> 0.66666667
A7: 4.2.3 | B7: 3 | C7: 100-((Número de observaciones conciliadas y aceptadas con Data Tools / Número de observaciones evidenciadas por ADRES en el proceso de conciliación de sistemas)*100)
C9: N. CONCILIADAS | E9: 80
C10: EVIDENCIADAS | E10: 90
C11: Resultado del indicador | E11: =100-((E9/E10)*100) -> 11.111111
A13: 4.2.3 | B13: 4 | C13: (Total de paquetes entregados con resultado en condiciones de oportunidad y calidad según cronograma / Total de paquetes que se debían entregar según cronograma) *100
C15: con calidad y oportunidad | E15: 20 | G15: =+E15/E16 -> 0.66666667
C16: total paquetes | E16: 30

Sheet Ítems entregados
A1: MOMENTO | B1: LÍNEA | C1: RANGO RADICACIÓN | D1: RECOBROS | E1: ÍTEMS | F1: FECHA DISPOSICIÓN IMÁGENES | G1: OBSERVACION | H1: AUDITADOS | L1: MYT-02 | M1: =+E2 -> 2033675
A2: ALISTAMIENTO | B2: MYT-02 | C2: 2018-04 AL 2020-05 | D2: 912133 | E2: 2033675 | F2: (Del 19 al 22)coomeva | G2: INCLUYE COOMEVA | H2: INCLUYE COOMEVA | L2: MYT-04 | M2: =+E3 -> 1700447
A3: ALISTAMIENTO | B3: MYT-04 | C3: 2018-04 AL 2020-05 | D3: 721970 | E3: 1700447 | F3: S | H3: INCLUYE COOMEVA | L3: MYT-01 | M3: =+E4 -> 0
A4: ALISTAMIENTO | B4: MYT-01 | C4: NA | D4: 0 | E4: 0 | F4: - | H4: INCLUYE COOMEVA | L4: GT | M4: =+E5 -> 1302974
A5: ALISTAMIENTO | B5: GT | C5: 2018-04 AL 2020-05 | D5: 1033173 | E5: 1302974 | H5: INCLUYE COOMEVA | L5: APF | M5: =+E6 -> 0
A6: ALISTAMIENTO | B6: APF | C6: 2020-06-17 AL 2020-06-21 | D6: 28305 | F6: 44007 | H6: INCLUYE COOMEVA
A7: EJECUCIÓN
E8: =SUM(E2:E7) -> 5037096
